 Dungeon Crawl Stone Soup version 0.27-a0-1193-g8631133539 (webtiles) character file.

Game seed: 12957406987318992138

682222 Strat the Slayer (level 27, -1/231 (266) HPs)
             Began as a Naga Chaos Knight on May 24, 2021.
             Was a Favourite Plaything of Xom.
             Killed from afar by Sapek the pandemonium lord (54 damage)
             ... with a bolt of negative energy
             ... on level 11 of the Dungeon on May 25, 2021.
             The game lasted 03:50:48 (81893 turns).

Strat the Slayer (Naga Chaos Knight)               Turns: 81893, Time: 03:50:49

HP:   -1/231 (266)  AC: 41    Str: 28      XL:     27
MP:   29/29         EV: 33    Int: 13      God:    Xom [...*..]
Gold: 5824          SH:  0    Dex: 14 (16) Spells: 9/34 levels left

rFire    + . .     SeeInvis +   b - +4 glaive (vorpal)
rCold    . . .     Faith    .   (shield currently unavailable)
rNeg     . . .     Spirit   .   M - +6 acid dragon scales
rPois    +         Reflect  .   (helmet restricted)
rElec    +         Harm     .   I - +2 cloak {Will+}
rCorr    +         Rampage  .   E - +2 pair of gloves {archery}
Will     ++++.     Rnd*Rage +   P - +4 barding {rF+}
Stlth    +.........             h - amulet "Atwimaix" {Acrobat Drain rElec Regen+ Dex+4}
HPRegen  0.00/turn              Y - ring of Xom's Flight of Fancy {+Blink rPois AC+4 Int+2}
MPRegen  0.21/turn              f - +4 ring of evasion

@: about to teleport, cleaving, acrobatic, studying Slings, heavily drained,
very slow
A: AC +9, large, see invisible, deformed body, poison resistance, slowness 2,
spit poison 1, naga tail 2, claws 1, horns 1, thin skeletal structure 1,
camouflage 1, berserk 2, clumsy 1, deterioration 1, dopey 1, frail 1, inhibited
regeneration, strong 1
0: Orb of Zot
}: 3/15 runes: decaying, silver, gossamer
a: Spit Poison, Renounce Religion, Evoke Blink


You were on level 11 of the Dungeon.
You worshipped Xom.
You were a favourite toy of Xom.
You visited 9 branches of the dungeon, and saw 47 of its levels.
You visited 1 bazaar.
You also visited: Sewer and Wizlab.

You collected 8213 gold pieces.
You spent 2389 gold pieces at shops.

Inventory:

Hand Weapons
 a - a +9 triple crossbow of freezing
 b - a +4 vorpal glaive (weapon)
 l - the +8 arbalest of the Old World {chaos, rElec Str+9 Int-2 Stlth+}
   (Xom gifted it to you on level 5 of the Realm of Zot)

   Each projectile launched from it has a different, random effect.
   It affects your strength (+9).
   It affects your intelligence (-2).
   It insulates you from electricity.
   It makes you more stealthy.
Missiles
 c - 1838 stones (quivered)
 n - 6 throwing nets
 q - 24 atropa-tipped darts
 x - 1407 bolts
 H - 17 boomerangs of dispersal
 W - 26 curare-tipped darts
Armour
 E - a +2 pair of gloves of archery (worn)
 I - a +2 cloak of willpower (worn)
 M - +6 acid dragon scales (worn)
 P - a +4 barding of fire resistance (worn)
 R - a +2 helmet
Jewellery
 e - the amulet "Hiunoirarr" {Reflect +Blink Int+2 SH+5}
   (You acquired it on level 5 of the Depths)

   [amulet of reflection]

   It reflects blocked missile attacks.
   It affects your intelligence (+2).
   It lets you blink.
   It affects your SH (+5).
 f - a +4 ring of evasion (right hand)
 h - the amulet "Atwimaix" (around neck) {Acrobat Drain rElec Regen+ Dex+4}
   (You found it on level 1 of the Depths)

   [amulet of the acrobat]

   It increases your evasion while moving and waiting.
   It affects your dexterity (+4).
   It insulates you from electricity.
   It increases your rate of health regeneration.
   It drains your maximum health when unequipped.
 y - a ring of protection from cold
 Y - the ring of Xom's Flight of Fancy (left hand) {+Blink rPois AC+4 Int+2}
   (You found it on level 5 of the Depths)

   [ring of protection]

   It affects your AC (+4).
   It affects your intelligence (+2).
   It protects you from poison.
   It lets you blink.
Wands
 g - a wand of charming (10)
 m - a wand of flame (10)
 s - a wand of acid (21)
 u - a wand of mindburst (12)
 A - a wand of iceblast (41)
 O - a wand of paralysis (18)
 V - a wand of polymorph (33)
Scrolls
 d - a scroll of magic mapping
 t - 49 scrolls of identify
 B - a scroll of silence
 C - a scroll of enchant armour
 D - 4 scrolls of fog
 Q - 9 scrolls of amnesia
 U - a scroll of fear
Potions
 i - 9 potions of brilliance
 p - 6 potions of ambrosia
 r - 10 potions of flight
 v - 2 potions of resistance
 w - a potion of haste
 z - a potion of mutation
 T - 6 potions of magic
 X - a potion of might
Miscellaneous
 j - a piece from Xom's chessboard (15/15)
 o - a piece from Xom's chessboard (15/15)
 F - a phantom mirror
 G - a condenser vane
 L - a piece from Xom's chessboard (15/15)
 N - a phantom mirror
 Z - a phantom mirror


   Skills:
 + Level 26.8 Fighting
 - Level 20.0 Polearms
 - Level 26.0 Crossbows
 - Level 10.0 Armour
 - Level 14.5 Dodging
 - Level 4.0 Spellcasting
 - Level 5.0 Translocations
 - Level 3.0 Transmutations
 - Level 8.2 Ice Magic
 - Level 10.0 Poison Magic


You had 9 spell levels left.
You knew the following spells:

 Your Spells              Type           Power      Damage    Failure   Level
a - Frozen Ramparts       Ice            46%        1d6       2%          3
b - Ozocubu's Armour      Ice            23%        N/A       2%          3
c - Olgreb's Toxic Radia  Pois           28%        N/A       3%          4
d - Ignite Poison         Fire/Tmut/Pois 13%        N/A       12%         3
e - Mephitic Cloud        Conj/Pois/Air  11%        N/A       19%         3
f - Blink                 Tloc           N/A        N/A       4%          2
g - Portal Projectile     Hex/Tloc       18%        N/A       26%         3
h - Passage of Golubria   Tloc           N/A        N/A       30%         4

Your spell library contained the following spells:

 Spells                   Type           Power      Damage    Failure   Level
 Freeze                   Ice            92%        1d10      1%          1
 Sting                    Tmut/Pois      76%        1d6       1%          1
 Poisonous Vapours        Pois/Air       30%        N/A       4%          2
 Spider Form              Tmut/Pois      9%         N/A       4%          3
 Beastly Appendage        Tmut           20%        N/A       7%          1
 Gell's Gravitas          Tloc           7%         N/A       9%          3
 Lesser Beckoning         Tloc           7%         N/A       9%          3
 Teleport Other           Tloc           15%        N/A       9%          3
 Wereblood                Tmut           10%        N/A       11%         2
 Passwall                 Tmut/Erth      5%         N/A       19%         2
 Animate Skeleton         Necr           4%         N/A       24%         1
 Foxfire                  Conj/Fire      8%         2x1d4     24%         1
 Magic Dart               Conj           8%         1d3       24%         1
 Sandblast                Erth           4%         2d4       24%         1
 Shock                    Conj/Air       8%         1d3       24%         1
 Ice Form                 Ice/Tmut       17%        N/A       24%         4
 Corpse Rot               Necr/Air       N/A        N/A       34%         2
 Searing Ray              Conj           4%         3d3       34%         2
 Static Discharge         Conj/Air       2%         N/A       34%         2
 Sublimation of Blood     Necr           1%         N/A       34%         2
 Hailstorm                Conj/Ice       13%        3d5       41%         4
 Summon Ice Beast         Ice/Summ       13%        N/A       41%         4
 Alistair's Intoxication  Tmut/Pois      12%        N/A       41%         5
 Conjure Flame            Conj/Fire      2%         6-21      56%         3
 Dazzling Flash           Conj/Hex       4%         N/A       56%         3
 Inner Flame              Hex/Fire       2%         N/A       56%         3
 Stone Arrow              Conj/Erth      4%         3d7       56%         3
 Swiftness                Air            2%         N/A       56%         3
 Vampiric Draining        Necr           1%         2d6       56%         3
 Iskenderun's Mystic Bla  Conj/Tloc      9%         2d4       63%         4
 Manifold Assault         Tloc           15%        N/A       63%         5
 Petrify                  Tmut/Erth      6%         N/A       77%         4
 Metabolic Englaciation   Hex/Ice        6%         N/A       77%         5
 Hydra Form               Tmut           5%         N/A       88%         5
 Airstrike                Air            1%         N/A       93%         4
 Animate Armour           Summ/Erth      4%         N/A       93%         4
 Animate Dead             Necr           1%         N/A       93%         4
 Dispel Undead            Necr           2%         3d7       93%         4
 Fulminant Prism          Conj/Hex       1%         3d6       93%         4
 Leda's Liquefaction      Hex/Erth       1%         N/A       93%         4
 Sticky Flame             Conj/Fire      2%         2d3       93%         4
 Summon Lightning Spire   Summ/Air       2%         N/A       93%         4
 Summon Forest            Summ/Tloc      4%         N/A       93%         5
 Eringya's Noxious Bog    Tmut/Pois      9%         N/A       94%         6
 Irradiate                Conj/Tmut      3%         3d14      98%         5
 Dispersal                Tloc           7%         N/A       99%         6
 Agony                    Necr           2%         N/A       100%        5
 Bolt of Magma            Conj/Fire/Erth 1%         4d4       100%        5
 Borgnjor's Vile Clutch   Necr/Erth      1%         N/A       100%        5
 Excruciating Wounds      Necr           1%         N/A       100%        5
 Fireball                 Conj/Fire      1%         3d3       100%        5
 Iskenderun's Battlesphe  Conj           2%         2d6       100%        5
 Lee's Rapid Deconstruct  Erth           1%         3d5*      100%        5
 Lightning Bolt           Conj/Air       1%         1d12      100%        5
 Silence                  Hex/Air        1%         N/A       100%        5
 Summon Mana Viper        Hex/Summ       2%         N/A       100%        5
 Conjure Ball Lightning   Conj/Air       1%         3x3d6     100%        6
 Death Channel            Necr           1%         N/A       100%        6
 Freezing Cloud           Conj/Ice/Air   4%         6-21      100%        6
 Invisibility             Hex            2%         N/A       100%        6
 Iron Shot                Conj/Erth      1%         9d1       100%        6
 Shadow Creatures         Summ           N/A        N/A       100%        6
 Simulacrum               Ice/Necr       6%         N/A       100%        6
 Statue Form              Tmut/Erth      4%         N/A       100%        6
 Orb of Destruction       Conj           1%         N/A       100%        7
 Ozocubu's Refrigeration  Ice            11%        4d7       100%        7
 Spellforged Servitor     Conj/Summ      1%         N/A       100%        7
 Summon Hydra             Summ           1%         N/A       100%        7
 Disjunction              Tloc           7%         N/A       100%        8
 Ignition                 Fire           1%         3d3       100%        8
 Shatter                  Erth           1%         3d5*      100%        9
 Tornado                  Air            1%         N/A       100%        9


Dungeon Overview and Level Annotations

Branches:
Dungeon (15/15)            Temple (0/1) D:4            Lair (6/6) D:9
  Swamp (4/4) Lair:2       Spider (4/4) Lair:2        Slime (0/5) Lair:5
    Orc (2/2) D:11            Elf (0/3) Orc:2        Vaults (5/5) D:14
  Crypt (0/3) Vaults:3     Depths (5/5) D:15           Hell (visited)
    Zot (5/5) Depths:5      Sewer (visited)          WizLab (visited)
    Dis: Hell:1         Geh: Hell:1         Coc: Hell:1         Tar: Hell:1

Altars:
Ashenzari
Cheibriados
Fedhas
Kikubaaqudgha
Qazlal
Trog
Uskayaw
Xom
Zin
Beogh
Lugonu

Shops:
D:3 ?   D:11 [   Orc:2 (*[=   Vaults:1 ?*[   Vaults:5 !   Depths:2 (!
Depths:3 :=:

Portals:
Hell: Depths:1 Depths:2 Depths:3 Depths:4 Depths:5
Abyss: D:14 Depths:4
Pandemonium: Depths:3 Depths:4
Ziggurat: Depths:3
Trove: Vaults:2 (give +3 gold dragon scales)

Annotations:
D:6 3 runed translucent doors, karrick's ghost, novice GnSu
D:8 2 transporters, bande's ghost, novice GrFi
D:14 2 transporters, Lofe's ghost, journeyman FoFi
Lair:3 exclusion: oklob plant
Lair:5 2 transporters, exclusion: oklob plant
Swamp:3 3 runed translucent doors, Orlauf's ghost, adept DsGl
Depths:4 Goerukk's ghost, adept HuFi
Depths:5 Qeapsu Xaesm's ghost, adept NaFi
Zot:3 13 runed doors


Innate Abilities, Weirdness & Mutations

Your serpentine skin is tough. (AC +9)
You have supernaturally acute eyesight. (SInv)
Armour fits poorly on your strangely shaped body.
Your system is resistant to poisons. (rPois)
You cover ground very slowly.
You can spit poison.
You can use your snake-like lower body to constrict enemies.
You have sharp fingernails.
You have a pair of small horns on your head.
You have a somewhat thin skeletal structure. (Dex +2, Stealth+)
Your skin changes colour to match your surroundings (Stealth+).
You often lose your temper in combat.
You are clumsy. (Dex -2)
Your body sometimes deteriorates upon taking damage.
You are dopey. (Int -2)
You are frail. (-10% HP)
You do not regenerate when monsters are visible.
Your muscles are strong. (Str +2)


Message History

* * * LOW HITPOINT WARNING * * *
Your body deteriorates!
You feel clumsy.
A shower of butterflies erupts from you!
A sun demon comes into view.
An Ice Fiend and a pandemonium lord come into view.
As you read the scroll of teleportation, it crumbles to dust.
You feel strangely unstable.
You feel the Orb delaying your translocation!
The Ice Fiend roars!
The balrug gestures at you. Something smites you!
* * * LOW HITPOINT WARNING * * *
The Tzitzimitl closely misses your butterfly.
The Tzitzimitl completely misses your butterfly.
You swap places. "Go forth and destroy!"
Your +4 vorpal glaive looks sharp.
The Tzitzimitl engulfs you but does no damage.
The Tzitzimitl bites you!
* * * LOW HITPOINT WARNING * * *
You feel drained.
* * * LOW HITPOINT WARNING * * *
Sapek bites your butterfly!!
Your butterfly dies!
The red devil completely misses you. The Tzitzimitl barely misses you.
The Tzitzimitl closely misses you. Sapek bites your butterfly!!
Your butterfly dies!
The red devil barely misses your butterfly.
The Tzitzimitl gestures at you. The bolt of negative energy hits you!!
You feel drained.
* * * LOW HITPOINT WARNING * * *
Sapek gestures at you.
The bolt of negative energy misses your butterfly.
The bolt of negative energy hits your butterfly!!
Your butterfly is drained!
Your butterfly dies!
The bolt of negative energy hits you!!!
You feel drained.
You die...
Xom roars with laughter!

#....##.####.....# #...#..#
#.#####.##.#.....####...##.# [.#
#..........##.....##.#
###########.#.#####1#...##.######
#.......<#2# #.##.###.....>.
#.#####.##.# #....# #..#....
#....#..#####..#####......#
#.##.#.....b.1##......#.###...
####...#...##@......#.#.###...
##########.#.###.#.#.......
#.#.....#.#.......
#########.#.####.# #.#.# #.#
#.#.# #.# #.#.# #.# #...# #.#
##### #.#


You could see Sapek, a Tzitzimitl (ally target) and a red devil.

Vanquished Creatures
  3 dread liches
  3 ancient liches
  5 orbs of fire
  A pandemonium lord (Zot:5)
  A juggernaut (Depths:1)
  5 Killer Klowns (Zot:5)
  The ghost of Hyfasadu the Impregnable, a veteran DDAr of Makhleb (Depths:5)
  15 golden dragons
  A caustic shrike (Depths:2)
  2 curse toes
  The ghost of Goerukk the Blocker, an adept HuFi (Depths:5)
  4 electric golems
  2 bone dragons
  16 tentacled monstrosities
  6 liches
  The ghost of Opuan the Severer, an adept NaFi of Cheibriados (Depths:4)
  3 deep elf blademasters (Depths:4)
  22 Orb Guardians
  A titan (Depths:3)
  11 quicksilver dragons
  The ghost of Zoudwusmoff the Whirler, an adept HaHu of Okawaru (Depths:5)
  The ghost of Qiadic the Whirler, an adept HaHu of Okawaru (Depths:5)
  4 death cobs
  13 tengu reavers
  6 sphinxes
  15 shadow dragons
  14 storm dragons
  5 draconian monks
  4 fenstrider witches
  Donald (Swamp:4)
  8 frost giants
  10 fire giants
  Roxanne (Swamp:4)
  A daeva (Depths:1)
  7 draconian knights
  6 draconian scorchers
  2 cacodemons
  3 iron dragons
  6 draconian shifters
  7 ghost moths
  2 orc warlords
  3 emperor scorpions (Spider:4)
  A balrug (Depths:1)
  19 vault wardens
  2 spriggan defenders
  11 ironbound preservers
  13 draconian stormcallers
  15 draconian annihilators
  24 stone giants
  30 very ugly things
  5 war gargoyles
  7 vampire knights
  2 deep elf demonologists (Vaults:5)
  10 green draconians
  2 deep elf annihilators
  Nessos (D:15)
  10 black draconians
  9 entropy weavers
  11 white draconians
  16 spark wasps
  4 dire elephants
  7 red draconians
  10 yellow draconians
  14 purple draconians
  3 bunyips
  3 deep elf death magi
  7 eleionomae
  A blizzard demon (Zot:1)
  3 jiangshi (Depths:2)
  2 crystal guardians (Vaults:2)
  11 fire dragons
  16 yaktaur captains
  28 ettins
  15 great orbs of eyes
  Josephine (Lair:5)
  A hell beast (Depths:4)
  Fannar (D:11)
  38 vault guards
  3 shambling mangroves
  16 hydras
  Harold (D:7)
  13 ice dragons
  7 spriggan air magi
  14 ironbound thunderhulks
  10 boulder beetles
  2 monstrous demonspawn
  A deep elf high priest (Vaults:5)
  5 rakshasas
  24 centaur warriors
  6 ironbound frosthearts
  2 peacekeepers
  An alligator snapping turtle (Depths:3)
  5 catoblepae
  A death knight (Depths:3)
  5 two-headed ogres
  An ogre mage (Vaults:4)
  A ghost crab (Swamp:3)
  A satyr (shapeshifter) (Vaults:5)
  8 death scarabs (Spider:4)
  12 alligators
  An orc high priest (Orc:2)
  2 tengu warriors (Depths:5)
  11 death yaks
  21 deep troll earth magi
  3 thrashing horrors (WizLab)
  3 vampire magi
  11 deep troll shamans
  A soul eater (Zot:1)
  8 ironbound beastmasters
  5 spriggan berserkers
  2 hell knights
  2 sun demons
  3 shadow wraiths
  A salamander mystic (Depths:3)
  17 iron trolls
  4 skeletal warriors (Depths:3)
  3 sixfirhies
  2 spectral emperor scorpions (Spider:4)
  2 golden dragon zombies (Depths:3)
  10 goliath frogs
  2 shadow demons
  A spark wasp zombie (Depths:3)
  65 deep trolls
  3 glowing orange brains
  3 death drakes
  A torturous demonspawn (Depths:5)
  A shadow dragon zombie (Depths:3)
  3 spriggan druids
  9 swamp dragons
  19 wizards
  A harpy (Vaults:2)
  7 orc knights
  3 flayed ghosts
  A tengu zombie (Depths:3)
  2 bog bodies
  6 phantasmal warriors (Vaults:5)
  7 necromancers
  A spectral wolf spider (Spider:4)
  15 ironbound convokers
  4 orc sorcerers
  3 deep elf pyromancers
  69 ugly things
  20 wolf spiders
  2 wolf spider zombies (Spider:4)
  16 lindwurms
  11 cyclopes
  17 orb spiders
  A wolf spider (shapeshifter) (Vaults:5)
  2 salamanders (Depths:3)
  A shining eye (shapeshifter) (Spider:2)
  4 manticores
  3 will-o-the-wisps
  20 moths of wrath
  2 moths of wrath (shapeshifter)
  An apocalypse crab (WizLab)
  9 elephants
  17 vault sentinels
  7 black mambas
  An eye of devastation (shapeshifter) (Vaults:5)
  8 torpor snails
  A rust devil (Depths:3)
  5 orange demons
  2 black mambas (shapeshifter)
  A molten gargoyle (Lair:3)
  3 gargoyles
  15 cane toads
  An unseen horror (D:11)
  10 komodo dragons
  14 demonic crawlers
  3 hellions
  A kobold demonologist (D:13)
  A spectral redback (Spider:4)
  An efreet (D:15)
  52 yaktaurs
  A freezing wraith (Vaults:5)
  A hellwing (Depths:3)
  2 ice devils
  A red devil (WizLab)
  A queen bee (shapeshifter) (Depths:5)
  A redback zombie (Spider:4)
  5 spectral tarantellas (Spider:4)
  5 polar bears
  5 meliai
  9 trolls
  A polar bear (shapeshifter) (Depths:2)
  27 slime creatures
  33 jumping spiders
  A tengu simulacrum (Depths:3)
  4 spectral jumping spiders (Spider:4)
  15 tyrant leeches
  A shadow dragon simulacrum (Vaults:3)
  Grinder (D:4)
  25 hornets
  7 dream sheep
  3 slime creatures (shapeshifter)
  27 blink frogs
  A blink frog (shapeshifter) (D:15)
  2 tarantella zombies (Spider:4)
  2 jumping spider zombies (Spider:4)
  A snapping turtle (shapeshifter) (Vaults:2)
  4 flying skulls (D:9)
  40 tarantellas
  79 redbacks
  6 shadows (D:9)
  A wyvern (shapeshifter) (Depths:2)
  3 ynoxinuls
  17 spriggans
  14 wraiths
  2 elf simulacra (Vaults:3)
  41 yaks
  2 fire elementals
  A golden eye (shapeshifter) (Depths:2)
  4 hogs (Spider:3)
  2 elf zombies
  A steam dragon (D:9)
  6 wyverns
  A hog (shapeshifter) (Vaults:5)
  3 basilisks
  9 vampire mosquitoes
  2 chaos spawn
  A yaktaur simulacrum (Vaults:3)
  4 neqoxecs
  An elf skeleton (WizLab)
  A large abomination (D:12)
  4 spatial vortices (WizLab)
  11 swamp worms
  A naga (D:7)
  3 wargs
  An acid dragon (shapeshifter) (Vaults:5)
  3 acid dragons
  19 water moccasins
  4 hell hounds
  26 orc warriors
  Duvessa (D:4)
  3 floating eyes
  3 spectral hornets (Spider:4)
  4 black bears
  2 ice beasts
  3 sky beasts
  7 swamp drakes
  19 centaurs
  13 ogres
  15 wolves
  4 boggarts
  A tengu (shapeshifter) (Depths:5)
  A phantom (D:4)
  A human skeleton (WizLab)
  A small abomination (WizLab)
  4 kobold brigands
  A wyvern zombie (D:8)
  3 scorpions
  8 bullfrogs
  An earth elemental (WizLab)
  3 gnoll sergeants
  Dowan (D:4)
  2 water moccasin zombies (D:5)
  A killer bee (D:7)
  11 wights
  2 electric eels
  4 howler monkeys
  2 lava snakes (Lair:3)
  14 centaur zombies
  5 starcursed masses (WizLab)
  4 hounds
  10 jellies
  A bullfrog skeleton (D:6)
  2 gnoll shamans
  3 centaur skeletons
  26 orc priests
  Jessica (D:2)
  2 iguanas (D:4)
  6 hell rats (Lair:1)
  22 orc wizards
  2 killer bee zombies (D:8)
  A hound skeleton (D:5)
  4 howler monkey zombies (D:9)
  28 gnolls
  11 adders
  3 howler monkey skeletons (D:9)
  4 white imps
  An ufetubus (D:7)
  An adder skeleton (D:4)
  3 worms (Sewer)
  2 dart slugs
  74 orcs
  12 endoplasms
  5 giant cockroaches
  A goblin (D:1)
  8 hobgoblins
  2 quokkas
  12 ball pythons
  A bat (shapeshifter) (Vaults:5)
  5 bats
  3 frilled lizards (D:2)
  11 kobolds
  11 rats
  A lurking horror (WizLab)
2228 creatures vanquished.

Vanquished Creatures (collateral kills)
  A deep elf sorcerer (Depths:3)
  A caustic shrike zombie (Depths:3)
  A caustic shrike skeleton (Depths:3)
  A dire elephant (Vaults:2)
  Azrael (D:15)
  A fire dragon (D:15)
  A vault guard (Vaults:5)
  A spriggan air mage (Depths:3)
  A hydra (D:15)
  A two-headed ogre (D:8)
  An ironbound beastmaster (Vaults:2)
  A deep troll (D:15)
  A wizard (Vaults:2)
  An orc knight (Vaults:2)
  2 ironbound convokers (Vaults:2)
  2 ugly things
  A vault sentinel (Vaults:2)
  A slime creature (Vaults:2)
  2 yaks (Lair:2)
  A fire elemental (D:15)
  2 hell hounds (D:15)
  2 hobgoblins (D:4)
27 creatures vanquished.

Vanquished Creatures (others)
  An eldritch tentacle (Zot:5)
  A death cob (Zot:1)
  A fire giant (Depths:4)
  2 draconian knights (Zot:1)
  6 dancing weapons
  A spriggan druid (Swamp:4)
  2 wizards
  A swamp worm (Swamp:2)
  A boggart (Vaults:1)
  A small abomination (Zot:5)
  An orc wizard (D:7)
  A butterfly (Lair:4)
  9 foxfires (Swamp:4)
  66 fungi
  70 plants
164 creatures vanquished.

Grand Total: 2419 creatures vanquished

Notes
Turn   | Place    | Note
-------+----------+-------------------------------------------
     0 | D:1      | Strat the Naga Chaos Knight began the quest for the Orb.
     0 | D:1      | Reached XP level 1. HP: 21/21 MP: 1/1
   189 | D:1      | XOM: confuse monster(s)
   194 | D:1      | Reached skill level 1 in Dodging
   231 | D:1      | Reached XP level 2. HP: 28/28 MP: 2/2
   364 | D:1      | XOM: divination: detect items
   594 | D:1      | XOM: cloud trail
   958 | D:2      | Reached XP level 3. HP: 34/34 MP: 3/3
   988 | D:2      | Noticed Jessica
   997 | D:2      | Killed Jessica
   998 | D:2      | Reached XP level 4. HP: 35/42 MP: 4/4
  1113 | D:2      | XOM: 3-stop teleportation journey
  1291 | D:2      | XOM: god gift: scroll labelled FORULI ESMIE {god gift}
  1911 | D:2      | Reached XP level 5. HP: 18/50 MP: 5/5
  2256 | D:3      | XOM: 1-stop teleportation journey
  2259 | D:3      | Found Tiodwe's Magic Scroll Boutique.
  2313 | D:3      | Found a glowing drain.
  2359 | Sewer    | Entered a sewer
  2481 | Sewer    | Noticed a kobold brigand
  2481 | Sewer    | Noticed a kobold brigand
  2504 | Sewer    | Killed a kobold brigand
  2505 | Sewer    | Reached XP level 6. HP: 39/57 MP: 6/6
  2626 | Sewer    | XOM: god gift: ring mail {god gift}
  3217 | D:4      | Found a staircase to the Ecumenical Temple.
  3544 | D:4      | Noticed Duvessa
  3544 | D:4      | Noticed Dowan
  3559 | D:4      | Killed Duvessa
  3560 | D:4      | Reached XP level 7. HP: 50/66 MP: 7/7
  3576 | D:4      | Killed Dowan
  3618 | D:4      | XOM: give mutations
  3618 | D:4      | Gained mutation: Your tail ends in a poisonous barb. [Xom's
                  | mischief]
  3618 | D:4      | Gained mutation: You are clumsy. (Dex -2) [Xom's mischief]
  3618 | D:4      | Gained mutation: You are very clumsy. (Dex -4) [Xom's
                  | mischief]
  3648 | D:4      | XOM: cloud trail
  3918 | D:4      | XOM: summons friendly quasit
  3931 | D:4      | XOM: potion effect (might)
  3939 | D:4      | Reached skill level 5 in Fighting
  3939 | D:4      | Reached skill level 5 in Polearms
  4138 | D:4      | XOM: scenery: summon butterflies
  4189 | D:4      | XOM: scenery: summon butterflies
  4210 | D:4      | XOM: give mutations
  4210 | D:4      | Gained mutation: You expend magic power (3 MP) to
                  | strengthen your wands. [Xom's grace]
  4210 | D:4      | Gained mutation: Your movements are slightly less
                  | encumbered by armour. (ER -2) [Xom's grace]
  4354 | D:4      | XOM: cloud trail
  4418 | D:4      | XOM: confuse monster(s)
  4459 | D:4      | Reached XP level 8. HP: 66/74 MP: 8/8
  4664 | D:4      | Noticed Grinder
  4672 | D:4      | Paralysed by Grinder for 7 turns
  4684 | D:4      | Killed Grinder
  4739 | D:5      | Entered Level 5 of the Dungeon
  4885 | D:5      | XOM: 5-stop teleportation journey
  4944 | D:5      | XOM: cast spell 'Cause Fear'
  4945 | D:5      | XOM: noise
  5135 | D:5      | XOM: divination: magic mapping
  5276 | D:5      | XOM: 3-stop teleportation journey
  5672 | D:5      | XOM: 2-stop teleportation journey
  5700 | D:5      | Reached XP level 9. HP: 82/82 MP: 9/9
  5755 | D:5      | Reached skill level 5 in Armour
  5774 | D:5      | XOM: give mutations
  5774 | D:5      | Gained mutation: You are partially covered in iridescent
                  | scales. (AC +2) [Xom's grace]
  5774 | D:5      | Gained mutation: You are somewhat resistant to further
                  | mutation. [Xom's grace]
  5774 | D:5      | Gained mutation: Your tail ends in a sharp poisonous barb.
                  | [Xom's grace]
  5868 | D:5      | XOM: give mutations
  5868 | D:5      | Gained mutation: You have a pair of small horns on your
                  | head. [Xom's grace]
  5868 | D:5      | Lost mutation: You are very clumsy. (Dex -4) [Xom's grace]
  5868 | D:5      | Gained mutation: You can exhale a cloud of poison. [Xom's
                  | grace]
  5979 | D:5      | Found a shimmering altar of Xom.
  6105 | D:6      | XOM: cast spell 'Death Channel'
  6193 | D:6      | XOM: give mutations
  6193 | D:6      | Gained mutation: You have a pair of horns on your head.
                  | [Xom's mischief]
  6193 | D:6      | Lost mutation: You have a pair of horns on your head.
                  | [Xom's mischief]
  6193 | D:6      | Gained mutation: Your body sometimes deteriorates upon
                  | taking damage. [Xom's mischief]
  6193 | D:6      | Lost mutation: You are clumsy. (Dex -2) [Xom's mischief]
  6333 | D:6      | Noticed Edmund
  6337 | D:6      | XOM: stat loss: -1 Int (12/13)
  6339 | D:5      | Noticed Edmund
  6339 | D:5      | Edmund changed into Edmund the wolf
  6339 | D:5      | XOM: polymorph Edmund -> Edmund the wolf
  6341 | D:5      | XOM: enchant monster (bad)
  6345 | D:5      | XOM: enchant monster (bad)
  6346 | D:5      | Killed Edmund the wolf
  6408 | D:5      | XOM: silly message
  6497 | D:6      | XOM: give mutations
  6497 | D:6      | Gained mutation: You are mostly covered in iridescent
                  | scales. (AC +4) [Xom's grace]
  6497 | D:6      | Gained mutation: You are covered in fur. (AC +1) [Xom's
                  | grace]
  6497 | D:6      | Gained mutation: Your spells are a little harder to cast,
                  | but a little more powerful. [Xom's grace]
  6932 | D:6      | XOM: 3-stop teleportation journey
  7110 | D:6      | XOM: cleaving
  7171 | D:6      | Found a runed translucent gate.
  7172 | D:6      | Found a runed translucent gate.
  7173 | D:6      | Found a runed translucent gate.
  7175 | D:6      | Noticed karrick's ghost (novice GnSu)
  7304 | D:6      | XOM: silly message
  7592 | D:6      | XOM: give mutations
  7592 | D:6      | Lost mutation: You can exhale a cloud of poison. [Xom's
                  | mischief]
  7592 | D:6      | Lost mutation: Your body sometimes deteriorates upon taking
                  | damage. [Xom's mischief]
  7592 | D:6      | Gained mutation: You are partially covered in large bone
                  | plates. (SH +4) [Xom's mischief]
  7843 | D:7      | XOM: 2-stop teleportation journey
  7844 | D:7      | Noticed a green ugly thing
  7986 | D:7      | Noticed a gargoyle
  7991 | D:7      | Killed a gargoyle
  7998 | D:7      | XOM: swap monsters
  7998 | D:7      | Noticed Harold
  8105 | D:7      | XOM is BORED!
  8105 | D:7      | XOM: give mutations
  8105 | D:7      | Lost mutation: You are covered in fur. (AC +1) [Xom's
                  | mischief]
  8111 | D:7      | Reached XP level 10. HP: 97/98 MP: 10/10
  8220 | D:7      | XOM: stat loss: -1 Str (17/18)
  8245 | D:7      | XOM: 2-stop teleportation journey
  8514 | D:7      | XOM: 6-stop teleportation journey
  8725 | D:7      | XOM: summons friendly ufetubus
  8737 | D:7      | Killed Harold
  8773 | D:7      | XOM: silly message
  8815 | D:7      | XOM: cast spell 'Disjunction'
  8818 | D:7      | XOM: polymorph centaur -> naga
  8820 | D:7      | XOM: cleaving
  9109 | D:7      | XOM: give mutations
  9109 | D:7      | Lost mutation: You expend magic power (3 MP) to strengthen
                  | your wands. [Xom's mischief]
  9109 | D:7      | Lost mutation: You are somewhat resistant to further
                  | mutation. [Xom's mischief]
  9109 | D:7      | Gained mutation: You are dopey. (Int -2) [Xom's mischief]
  9109 | D:7      | Lost mutation: Your tail ends in a sharp poisonous barb.
                  | [Xom's mischief]
  9156 | D:7      | XOM: god gift: glowing scimitar {god gift}
  9214 | D:7      | XOM: silly message
  9241 | D:7      | XOM: 1-stop teleportation journey
  9470 | D:7      | XOM: torment (36/102 hp)
  9544 | D:7      | XOM: give mutations
  9544 | D:7      | Lost mutation: Your tail ends in a poisonous barb. [Xom's
                  | mischief]
  9544 | D:7      | Gained mutation: You are clumsy. (Dex -2) [Xom's mischief]
  9544 | D:7      | Gained mutation: You are very dopey. (Int -4) [Xom's
                  | mischief]
  9782 | D:7      | XOM: summons 6 hostile demons
  9891 | D:7      | Reached skill level 10 in Fighting
  9891 | D:7      | Reached skill level 10 in Polearms
  9926 | D:7      | XOM: give mutations
  9926 | D:7      | Gained mutation: You have a pair of horns on your head.
                  | [Xom's grace]
  9926 | D:7      | Gained mutation: You have a pair of large horns on your
                  | head. [Xom's grace]
 10043 | D:7      | XOM: scenery: summon butterflies
 10255 | D:7      | XOM: cast spell 'Cause Fear'
 10332 | D:8      | Noticed a cane toad
 10345 | D:8      | Noticed a black mamba
 10345 | D:8      | a cane toad changed into a black mamba
 10348 | D:8      | Killed a black mamba
 10395 | D:8      | XOM: swap monsters
 10399 | D:8      | XOM: 4-stop teleportation journey
 10522 | D:8      | XOM: divination: detect creatures
 10537 | D:8      | Noticed a two-headed ogre
 10547 | D:8      | XOM: cast spell 'Summon Ice Beast'
 10554 | D:8      | Killed a two-headed ogre
 10555 | D:8      | Reached XP level 11. HP: 85/108 MP: 11/11
 10575 | D:8      | XOM: scenery: create altars
 10714 | D:8      | XOM: scenery: summon butterflies
 10864 | D:8      | XOM: enchant monster (bad)
 11105 | D:8      | XOM: swap monsters
 11449 | D:8      | XOM: summons 4 hostile demons
 11509 | D:8      | Found a transporter.
 11513 | D:8      | Noticed bande's ghost (novice GrFi)
 11515 | D:8      | Noticed a moth of wrath
 11545 | D:8      | Found a transporter.
 11572 | D:8      | XOM: summons 4 hostile demons
 12210 | D:9      | XOM: cloud trail
 12274 | D:9      | Noticed a necromancer
 12284 | D:9      | XOM: swap monsters
 12303 | D:9      | XOM is BORED!
 12303 | D:9      | XOM: 1-stop teleportation journey
 12313 | D:9      | XOM: blink monster(s)
 12334 | D:9      | Identified the +4 quarterstaff "Gexkeate" {flame, SInv}
 12502 | D:9      | XOM: divination: detect creatures
 12548 | D:9      | Noticed a death yak
 12569 | D:9      | Killed a death yak
 12643 | D:9      | Found a staircase to the Lair.
 12645 | D:9      | Noticed a death yak
 12645 | D:9      | Noticed a death yak
 12647 | D:9      | XOM: silly message
 12660 | D:9      | XOM: divination: detect items
 12780 | D:9      | Noticed a necromancer
 12783 | D:9      | XOM: enchant monster (bad)
 12789 | D:9      | XOM: fog
 12794 | D:9      | Killed a necromancer
 12834 | D:9      | XOM: 2-stop teleportation journey
 12837 | D:9      | XOM: 9-stop teleportation journey
 12850 | D:8      | XOM: potion effect (invisibility)
 12857 | D:8      | Killed a death yak
 12957 | D:8      | XOM: torment (51/108 hp)
 13099 | D:8      | XOM: give mutations
 13099 | D:8      | Lost mutation: You are clumsy. (Dex -2) [Xom's mischief]
 13099 | D:8      | Lost mutation: Your movements are slightly less encumbered
                  | by armour. (ER -2) [Xom's mischief]
 13099 | D:8      | Lost mutation: You are very dopey. (Int -4) [Xom's
                  | mischief]
 13099 | D:8      | Lost mutation: You are dopey. (Int -2) [Xom's mischief]
 13109 | D:8      | XOM: noise
 13180 | D:9      | XOM: 4-stop teleportation journey
 13293 | D:9      | XOM is BORED!
 13293 | D:9      | XOM: give mutations
 13293 | D:9      | Gained mutation: Your body sometimes deteriorates upon
                  | taking damage. [Xom's mischief]
 13293 | D:9      | Lost mutation: You are mostly covered in iridescent scales.
                  | (AC +4) [Xom's mischief]
 13310 | D:9      | XOM: silly message
 13531 | D:9      | Reached skill level 5 in Dodging
 13624 | D:8      | XOM: enchant monster (good)
 13627 | D:8      | Killed a death yak
 13628 | D:8      | Reached XP level 12. HP: 75/116 MP: 6/12
 13808 | D:9      | XOM: give mutations
 13808 | D:9      | Gained mutation: You have sharp fingernails. [Xom's
                  | mischief]
 14021 | D:9      | XOM: summons 2 hostile demons
 14282 | D:10     | Entered Level 10 of the Dungeon
 14283 | D:10     | Found a bloodstained altar of Trog.
 14284 | D:10     | Found a glowing silver altar of Zin.
 14285 | D:10     | Found a stormy altar of Qazlal.
 14294 | D:10     | Found a snail-covered altar of Cheibriados.
 14295 | D:10     | Found an ancient bone altar of Kikubaaqudgha.
 14394 | D:10     | Noticed a two-headed ogre
 14404 | D:10     | XOM: swap monsters
 14407 | D:10     | Killed a two-headed ogre
 14594 | D:10     | XOM: 1-stop teleportation journey
 14721 | D:10     | Noticed a boulder beetle
 14738 | D:10     | Killed a boulder beetle
 14836 | D:10     | Noticed a seven-headed hydra
 14838 | D:10     | XOM: enchant monster (bad)
 15033 | D:9      | XOM is BORED!
 15033 | D:9      | XOM: noise
 15037 | D:9      | XOM: noise
 15063 | Lair:1   | Entered Level 1 of the Lair of Beasts
 15071 | Lair:1   | XOM: divination: magic mapping
 15400 | Lair:1   | XOM: cleaving
 15750 | Lair:1   | XOM: fog
 15757 | Lair:1   | XOM: enchant monster (good)
 16010 | Lair:1   | XOM: silly message
 16139 | Lair:1   | Identified the +0 robe of Indomitability {Rampage *Corrode
                  | Stlth+}
 16184 | Lair:1   | XOM is BORED!
 16184 | Lair:1   | XOM: summons 4 hostile shadow creatures
 16503 | Lair:1   | XOM: scenery: create altars
 16686 | Lair:1   | XOM: scenery: create altars
 16889 | Lair:2   | XOM: fog
 16893 | Lair:2   | XOM: summons 9 friendly demons
 16906 | Lair:2   | XOM: scenery: 2 doors open
 16911 | Lair:2   | Learned a level 3 spell: Frozen Ramparts
 16915 | Lair:2   | Learned a level 3 spell: Ozocubu's Armour
 16941 | Lair:2   | Found a hide-covered altar of Uskayaw.
 17047 | Lair:2   | XOM: scenery: summon butterflies
 17049 | Lair:2   | Reached skill level 1 in Ice Magic
 17055 | Lair:2   | XOM: fog
 17093 | Lair:2   | XOM: 1-stop teleportation journey
 17242 | Lair:2   | XOM: confusion (+ monsters)
 17247 | Lair:2   | XOM: potion effect (haste)
 17814 | Lair:2   | Gained mutation: You can use your snake-like lower body to
                  | constrict enemies. [Naga growth]
 17814 | Lair:2   | Reached XP level 13. HP: 61/126 MP: 8/13
 17978 | Lair:2   | XOM: noise
 18073 | Lair:2   | Found a snail-covered altar of Cheibriados.
 18180 | Lair:2   | Found a hole to the Spider Nest.
 18187 | Lair:2   | XOM: cloud trail
 18431 | Lair:2   | Found a staircase to the Swamp.
 18705 | Lair:2   | XOM: summons 1 hostile demon
 18791 | Lair:3   | XOM: give mutation
 18791 | Lair:3   | Gained mutation: You are frail. (-10% HP) [Xom's mischief]
 18793 | Lair:3   | XOM: repel stairs
 18805 | Lair:2   | XOM: fog
 19142 | Lair:3   | XOM: confusion
 19253 | Lair:3   | Reached skill level 5 in Ice Magic
 19512 | Lair:3   | XOM: stat loss: -1 Int (11/13)
 19591 | Lair:3   | XOM: noise
 19597 | Lair:3   | XOM: swap monsters
 19690 | Lair:3   | XOM: give mutations
 19690 | Lair:3   | Lost mutation: You are partially covered in iridescent
                  | scales. (AC +2) [Xom's mischief]
 19690 | Lair:3   | Gained mutation: You are strong-willed. (Will+) [Xom's
                  | mischief]
 19977 | Lair:3   | XOM: polymorph yak -> meliai
 19990 | Lair:3   | XOM: smoke on damage
 20462 | Lair:3   | Identified a scroll of acquirement
 20462 | Lair:3   | Acquired the Collected Works on Nocuous Confrontation
 20469 | Lair:3   | Learned a level 4 spell: Olgreb's Toxic Radiance
 20721 | Lair:3   | XOM: silly message
 20940 | Lair:4   | Reached skill level 1 in Poison Magic
 20960 | Lair:4   | XOM: potion effect (experience)
 20960 | Lair:4   | Reached XP level 14. HP: 121/121 MP: 14/14
 21047 | Lair:4   | XOM: divination: detect items
 21116 | Lair:4   | XOM: confuse monster(s)
 21117 | Lair:4   | XOM: silly message
 21119 | Lair:4   | XOM: 5-stop teleportation journey
 21128 | Lair:4   | XOM: polymorph black mamba -> glowing shapeshifter
 21133 | Lair:4   | XOM: fog
 21135 | Lair:4   | XOM: divination: detect creatures
 21152 | Lair:4   | XOM: snakes to sticks
 21322 | Lair:4   | XOM: cast spell 'Leda's Liquefaction'
 21380 | Lair:4   | XOM: noise
 21668 | Lair:4   | Identified the Reference Book on Blistering Moulding
 21958 | Lair:5   | XOM: swap monsters
 22046 | Lair:5   | Noticed Josephine
 22056 | Lair:5   | Killed Josephine
 22057 | Lair:5   | Reached skill level 15 in Polearms
 22094 | Lair:5   | XOM: 4-stop teleportation journey
 22340 | Lair:5   | Found a transporter.
 22606 | Lair:5   | Reached skill level 1 in Spellcasting
 22647 | Lair:5   | Found a transporter.
 22755 | Lair:5   | XOM: enchant monster (bad)
 22757 | Lair:5   | XOM: give mutation
 22757 | Lair:5   | Gained mutation: You are weak. (Str -2) [Xom's mischief]
 22825 | Lair:5   | XOM: noise
 22945 | Lair:5   | Found a staircase to the Slime Pits.
 22988 | Lair:5   | Identified the +5 long sword of Theory {flame, rN+}
 23184 | Lair:6   | Entered Level 6 of the Lair of Beasts
 23213 | Lair:6   | XOM: silly message
 23316 | Lair:5   | XOM: give mutation
 23316 | Lair:5   | Lost mutation: Your body sometimes deteriorates upon taking
                  | damage. [Xom's mischief]
 23376 | Lair:6   | XOM: smoke on damage
 23379 | Lair:6   | Reached XP level 15. HP: 118/127 MP: 17/19
 23388 | Lair:6   | XOM: chaos cloud
 23407 | Lair:6   | XOM: confuse monster(s)
 23642 | Lair:6   | XOM: cast spell 'Leda's Liquefaction'
 23827 | Lair:5   | XOM: divination: detect items
 23864 | Lair:6   | XOM: cast spell 'Cause Fear'
 23889 | Lair:6   | XOM: silly message
 24185 | Lair:6   | XOM: enchant monster (bad)
 24315 | Lair:6   | XOM: enchant monster (good)
 24316 | Lair:6   | XOM: summons 3 friendly demons
 24321 | Lair:6   | XOM: confuse monster(s)
 24328 | Lair:6   | XOM: swap monsters
 24483 | Lair:6   | XOM: 1-stop teleportation journey
 24493 | Lair:6   | XOM: polymorph komodo dragon -> acid dragon
 24505 | Lair:6   | XOM: divination: detect creatures
 25094 | Lair:6   | XOM: noise
 25344 | Lair:6   | XOM: confuse monster(s)
 25433 | Lair:6   | XOM: give mutation
 25433 | Lair:6   | Gained mutation: Your skin changes colour to match your
                  | surroundings (Stealth+). [Xom's grace]
 25496 | Lair:6   | XOM: silly message
 25656 | Lair:6   | XOM: polymorph eight-headed hydra -> death drake
 26011 | D:9      | Learned a level 3 spell: Ignite Poison
 26035 | D:10     | XOM: noise
 26252 | D:11     | Reached skill level 1 in Transmutations
 26276 | D:11     | XOM: torment (74/127 hp)
 26575 | D:11     | Noticed Fannar
 26584 | D:11     | Killed Fannar
 26689 | D:11     | XOM: polymorph komodo dragon -> floating eye
 26821 | D:11     | XOM: cleaving
 27090 | D:11     | Found a staircase to the Orcish Mines.
 27109 | D:11     | Found Fig Gosm's Armour Shop.
 27141 | D:11     | XOM: silly message
 27276 | D:11     | XOM: divination: magic mapping
 28325 | D:12     | XOM: summons 2 friendly demons
 28329 | D:12     | Reached XP level 16. HP: 95/135 MP: 16/22
 28380 | D:12     | XOM: divination: detect creatures
 28625 | D:12     | XOM: scenery: create altars
 28729 | D:13     | XOM: scenery: create altars
 28739 | D:13     | Reached skill level 10 in Poison Magic
 28877 | D:13     | Acquired a +2 barding of fire resistance
 29024 | D:13     | XOM: give mutations
 29024 | D:13     | Gained mutation: You are partially covered in iridescent
                  | scales. (AC +2) [Xom's grace]
 29024 | D:13     | Gained mutation: Your natural rate of healing is unusually
                  | fast. [Xom's grace]
 29024 | D:13     | Gained mutation: You possess an exceptional clarity of
                  | mind. [Xom's grace]
 29177 | D:13     | XOM: enchant monster (bad)
 29308 | D:13     | XOM: stat loss: -1 Dex (9/10)
 29690 | D:14     | XOM: fog
 30133 | D:14     | Found a transporter.
 30136 | D:14     | Noticed a Hell Sentinel
 30174 | D:14     | Found a transporter.
 30175 | D:14     | Noticed Lofe's ghost (journeyman FoFi)
 30334 | D:14     | Found a one-way gate to the infinite horrors of the Abyss.
 30377 | D:14     | Found a gate to the Vaults.
 30538 | D:15     | Entered Level 15 of the Dungeon
 30541 | D:15     | Noticed Azrael
 30579 | D:15     | Acquired 1098 gold pieces
 30595 | D:15     | XOM: divination: detect items
 30598 | D:15     | XOM: cleaving
 30607 | D:15     | XOM: polymorph centaur -> shapeshifter
 30617 | D:15     | XOM: chaos cloud
 30780 | D:15     | Killed Azrael
 30819 | D:15     | XOM: 1-stop teleportation journey
 30851 | D:15     | XOM: chaos upgrade
 30859 | D:15     | XOM: cleaving
 30881 | D:15     | XOM: enchant monster (bad)
 30890 | D:15     | Noticed Nessos
 30897 | D:15     | Killed Nessos
 30940 | D:15     | XOM: chaos cloud
 30952 | D:14     | XOM: noise
 31143 | D:15     | XOM: noise
 31144 | D:15     | XOM: noise
 31155 | D:15     | XOM: silly message
 31160 | D:15     | XOM: divination: detect items
 31311 | D:15     | XOM: summons 1 hostile shadow creature
 31349 | D:15     | Found a staircase to the Depths.
 31899 | D:7      | XOM: scenery: summon butterflies
 32020 | Spider:1 | Entered Level 1 of the Spider Nest
 32030 | Spider:1 | XOM: enchant monster (good)
 32185 | Spider:1 | XOM: summons 5 friendly demons
 32222 | Spider:1 | Reached XP level 17. HP: 110/143 MP: 18/23
 32298 | Spider:1 | XOM: divination: detect creatures
 32660 | Spider:1 | XOM: scenery: create altars
 32941 | Spider:1 | XOM: 2-stop teleportation journey
 33185 | Spider:2 | XOM: enchant monster (good)
 33222 | Spider:2 | XOM: cast spell 'Metabolic Englaciation'
 33455 | Spider:2 | XOM: polymorph orb spider -> glowing shapeshifter
 33456 | Spider:2 | Gained mutation: You are very frail. (-20% HP) [a shining
                  | eye]
 33458 | Spider:2 | Gained mutation: You sometimes lose the ability to read
                  | scrolls when taking damage. [a shining eye]
 33498 | Spider:2 | XOM: 1-stop teleportation journey
 33592 | Spider:2 | XOM: confuse monster(s)
 33722 | Spider:2 | XOM: god gift: scroll of enchant weapon
 33959 | Spider:2 | XOM: smoke on damage
 34183 | Spider:3 | XOM: enchant monster (bad)
 34284 | Spider:3 | XOM: fog
 34310 | Spider:2 | XOM: noise
 34413 | Spider:3 | XOM: summons 3 hostile shadow creatures
 34474 | Spider:3 | XOM: torment (76/130 hp)
 34570 | Spider:3 | XOM: enchant monster (good)
 34571 | Spider:3 | XOM: summons 7 friendly demons
 34615 | Spider:3 | Noticed Kirke
 34618 | Spider:3 | Noticed Kirke
 34618 | Spider:3 | Kirke changed into Kirke the fenstrider witch
 34618 | Spider:3 | XOM: polymorph Kirke -> Kirke the fenstrider witch
 34625 | Spider:3 | Killed Kirke the fenstrider witch
 35025 | Spider:4 | Entered Level 4 of the Spider Nest
 35029 | Spider:4 | XOM: fake destruction
 35180 | Spider:4 | XOM: scenery: create altars
 35218 | Spider:4 | XOM: divination: detect items
 35249 | Spider:4 | XOM: silly message
 35317 | Spider:4 | XOM: silly message
 35329 | Spider:4 | Found a hide-covered altar of Uskayaw.
 35335 | Spider:4 | XOM: confuse monster(s)
 35347 | Spider:4 | Reached skill level 10 in Armour
 35468 | Spider:4 | XOM: potion effect (haste)
 35591 | Spider:4 | Identified the +1 leather armour of Satisfaction {Harm
                  | Rampage Fly}
 35693 | Spider:4 | XOM: potion effect (experience)
 35693 | Spider:4 | Reached XP level 18. HP: 115/139 MP: 21/24
 35857 | Spider:4 | XOM: noise
 35865 | Spider:4 | XOM: divination: magic mapping
 35994 | Spider:4 | XOM: silly message
 36002 | Spider:4 | XOM: silly message
 36070 | Spider:4 | XOM: silly message
 36077 | Spider:4 | Reached XP level 19. HP: 144/146 MP: 0/25
 36092 | Spider:4 | XOM: silly message
 36093 | Spider:4 | XOM: potion effect (invisibility)
 36323 | Spider:4 | XOM: potion effect (magic)
 36350 | Spider:4 | XOM: smoke on damage
 36364 | Spider:4 | Reached skill level 15 in Fighting
 36379 | Spider:4 | XOM: silly message
 36498 | Spider:4 | XOM: silly message
 36536 | Spider:4 | XOM: divination: magic mapping
 36701 | Spider:4 | XOM: silly message
 36703 | Spider:4 | XOM: divination: magic mapping
 36706 | Spider:4 | XOM: blink monster(s)
 36709 | Spider:4 | XOM: 2-stop teleportation journey
 36787 | Spider:4 | XOM: summons 7 hostile demons
 36794 | Spider:4 | XOM: give mutations
 36794 | Spider:4 | Lost mutation: You are strong-willed. (Will+) [Xom's
                  | mischief]
 36794 | Spider:4 | Gained mutation: You are dopey. (Int -2) [Xom's mischief]
 36794 | Spider:4 | Lost mutation: You have a pair of large horns on your head.
                  | [Xom's mischief]
 36794 | Spider:4 | Lost mutation: Your natural rate of healing is unusually
                  | fast. [Xom's mischief]
 36804 | Spider:4 | XOM: swap monsters
 37164 | Spider:4 | XOM: enchant monster (bad)
 37484 | Spider:4 | XOM: noise
 37524 | Spider:4 | Got a gossamer rune of Zot
 37759 | Swamp:1  | Entered Level 1 of the Swamp
 37804 | Lair:2   | XOM: summons 1 hostile demon
 37918 | Orc:1    | Entered Level 1 of the Orcish Mines
 37957 | Orc:2    | Entered Level 2 of the Orcish Mines
 38025 | Orc:2    | XOM: noise
 38373 | Orc:2    | XOM: swap monsters
 38378 | Orc:1    | XOM: polymorph cyclops -> death drake
 38528 | Orc:2    | Found Uwososk's Jewellery Boutique.
 38663 | Orc:2    | Found Louschuo's Antique Armour Shop.
 38712 | Orc:2    | XOM: draining
 38752 | Orc:2    | XOM: enchant monster (bad)
 38773 | Orc:2    | XOM: stat loss: -1 Str (20/21)
 38856 | Orc:2    | XOM: enchant monster (bad)
 39145 | Orc:2    | Found a staircase to the Elven Halls.
 39145 | Orc:2    | XOM: 1-stop teleportation journey
 39156 | Orc:2    | XOM: repel stairs
 39172 | Orc:2    | XOM: chaos upgrade
 39196 | Orc:2    | Found Nuxosaum's General Store.
 39316 | Orc:2    | Bought a scroll of brand weapon for 260 gold pieces
 39542 | Orc:2    | Found Puited's Antique Weapon Shoppe.
 39684 | Orc:2    | XOM: torment (83/144 hp)
 39876 | Orc:2    | XOM: silly message
 39956 | Orc:2    | XOM: torment (84/144 hp)
 40350 | Orc:1    | XOM: torment (86/147 hp)
 40588 | Orc:1    | XOM: 2-stop teleportation journey
 40602 | Orc:1    | XOM: summons 5 hostile demons
 40657 | Orc:1    | XOM: repel stairs
 40659 | Orc:1    | XOM: 5-stop teleportation journey
 40670 | Orc:1    | XOM: stat loss: -1 Int (10/11)
 40861 | Orc:2    | XOM: stat loss: -1 Int (9/11)
 40909 | Orc:2    | XOM: summons 10 hostile demons
 40939 | Orc:1    | XOM: silly message
 41211 | Orc:1    | XOM is BORED!
 41211 | Orc:1    | XOM: give mutations
 41211 | Orc:1    | Lost mutation: You are partially covered in large bone
                  | plates. (SH +4) [Xom's mischief]
 41211 | Orc:1    | Lost mutation: You possess an exceptional clarity of mind.
                  | [Xom's mischief]
 41211 | Orc:1    | Gained mutation: Your body sometimes deteriorates upon
                  | taking damage. [Xom's mischief]
 41211 | Orc:1    | Gained mutation: You are extremely frail. (-30% HP) [Xom's
                  | mischief]
 41260 | Orc:1    | XOM: give mutations
 41260 | Orc:1    | Lost mutation: Your body sometimes deteriorates upon taking
                  | damage. [Xom's mischief]
 41260 | Orc:1    | Gained mutation: You occasionally shout uncontrollably at
                  | your foes. [Xom's mischief]
 41260 | Orc:1    | Lost mutation: You sometimes lose the ability to read
                  | scrolls when taking damage. [Xom's mischief]
 41460 | Swamp:1  | XOM: enchant monster (bad)
 41558 | Swamp:1  | XOM: confuse monster(s)
 41776 | Swamp:1  | XOM: god gift: encrusted scimitar {god gift}
 41776 | Swamp:1  | Identified the +2 scimitar of a Billion Xenops {chaos,
                  | Dex+3} (Xom gifted it to you on level 1 of the Swamp)
 41881 | Swamp:1  | XOM: blink monster(s)
 41942 | Swamp:1  | XOM: divination: detect items
 41947 | Swamp:1  | XOM: enchant monster (good)
 42059 | Swamp:1  | XOM: summons 1 hostile shadow creature
 42378 | Swamp:1  | XOM: stat loss: -1 Str (20/21)
 42464 | Swamp:2  | XOM: divine lightning
 42474 | Swamp:2  | XOM: cleaving
 42506 | Swamp:1  | XOM: divination: magic mapping
 42737 | Swamp:1  | XOM: god gift: wand of paralysis (4)
 42810 | Swamp:1  | XOM: give mutations
 42810 | Swamp:1  | Lost mutation: You are dopey. (Int -2) [Xom's grace]
 42810 | Swamp:1  | Gained mutation: You are mostly covered in iridescent
                  | scales. (AC +4) [Xom's grace]
 43044 | Swamp:2  | XOM: cast spell 'Alistair's Intoxication'
 43069 | Swamp:2  | Reached skill level 5 in Crossbows
 43241 | Swamp:2  | XOM: 3-stop teleportation journey
 43460 | Swamp:2  | Found a shimmering altar of Xom.
 43774 | Swamp:3  | Noticed Orlauf's ghost (adept DsGl)
 43792 | Swamp:3  | Identified the ring of Caorch Kethru {*Corrode rF++ EV+4}
 43976 | Swamp:3  | Reached XP level 20. HP: 142/142 MP: 26/26
 44111 | Swamp:3  | XOM: give mutations
 44111 | Swamp:3  | Gained mutation: Your mind is acute. (Int +2) [Xom's grace]
 44111 | Swamp:3  | Gained mutation: You have a beak for a mouth. [Xom's grace]
 44111 | Swamp:3  | Lost mutation: You have a beak for a mouth. [Xom's grace]
 44111 | Swamp:3  | Gained mutation: You have very sharp teeth. [Xom's grace]
 44214 | Swamp:3  | XOM: cloud trail
 44658 | Swamp:3  | Found a runed translucent gate.
 44659 | Swamp:3  | Found a runed translucent gate.
 44668 | Swamp:3  | Found a runed translucent gate.
 44673 | Swamp:3  | XOM: scenery: create altars
 44820 | Swamp:3  | XOM: polymorph tyrant leech -> bunyip
 44894 | Swamp:2  | XOM: summons 1 hostile demon
 45260 | Swamp:4  | Entered Level 4 of the Swamp
 45365 | Swamp:4  | XOM: scenery: summon butterflies
 45375 | Swamp:4  | XOM: destruction
 45476 | Swamp:3  | XOM: silly message
 45587 | Swamp:4  | XOM: potion effect (brilliance)
 45626 | Swamp:3  | XOM is BORED!
 45626 | Swamp:3  | XOM: silly message
 46132 | Swamp:4  | XOM: potion effect (brilliance)
 46193 | Swamp:4  | Noticed Donald
 46520 | Swamp:4  | Got a decaying rune of Zot
 46658 | Swamp:4  | Learned a level 3 spell: Mephitic Cloud
 46675 | Swamp:4  | Killed Donald
 46675 | Swamp:4  | XOM: silly message
 46758 | Swamp:4  | XOM: divination: magic mapping
 46783 | Swamp:4  | XOM: silly message
 47143 | Swamp:4  | XOM: potion effect (brilliance)
 47513 | Swamp:4  | Noticed Roxanne
 47526 | Swamp:4  | Killed Roxanne
 47855 | D:9      | XOM: silly message
 47966 | Vaults:1 | Entered Level 1 of the Vaults
 47966 | Vaults:1 | XOM: cast spell 'Cause Fear'
 48210 | Vaults:1 | Reached skill level 10 in Crossbows
 48352 | Vaults:1 | XOM: silly message
 48372 | Vaults:1 | XOM: potion effect (magic)
 48382 | Vaults:1 | XOM: smoke on damage
 48593 | Vaults:1 | Found a magical portal.
 48602 | WizLab   | Entered The Roulette of Golubria
 48602 | WizLab   | Found a transporter.
 48611 | WizLab   | Found a corrupted altar of Lugonu.
 48688 | WizLab   | XOM: butterfly on damage
 48932 | WizLab   | Found a transporter.
 48932 | WizLab   | Found a transporter.
 49008 | WizLab   | Found the +2 cloak of the Thief {*Fog Slay-2 SInv Stlth+}
 49008 | WizLab   | XOM: divination: detect creatures
 49029 | WizLab   | Found a transporter.
 49040 | WizLab   | Found a transporter.
 49042 | WizLab   | XOM: silly message
 49063 | WizLab   | Found a transporter.
 49085 | WizLab   | Found a transporter.
 49126 | WizLab   | Found a transporter.
 49133 | WizLab   | Found a corrupted altar of Lugonu.
 49133 | WizLab   | Found a corrupted altar of Lugonu.
 49180 | WizLab   | Found a transporter.
 49208 | WizLab   | XOM: noise
 49223 | WizLab   | Found a transporter.
 49234 | WizLab   | Found a transporter.
 49353 | WizLab   | Found a transporter.
 49354 | WizLab   | XOM: silly message
 49414 | WizLab   | XOM: give mutations
 49414 | WizLab   | Gained mutation: You possess an exceptional clarity of
                  | mind. [Xom's grace]
 49414 | WizLab   | Gained mutation: Your tail ends in a poisonous barb. [Xom's
                  | grace]
 49414 | WizLab   | Gained mutation: Your mind is very acute. (Int +4) [Xom's
                  | grace]
 49414 | WizLab   | Gained mutation: Your flesh is cold resistant. (rC+) [Xom's
                  | grace]
 49515 | WizLab   | Found a transporter.
 49515 | WizLab   | Found a transporter.
 49524 | WizLab   | Paralysed by accursed screaming for 1 turns
 49801 | WizLab   | Found a transporter.
 49801 | WizLab   | Found a transporter.
 49830 | WizLab   | Found a transporter.
 49830 | WizLab   | Found a transporter.
 49858 | WizLab   | Learned a level 2 spell: Blink
 49867 | WizLab   | Found a transporter.
 49943 | WizLab   | XOM: scenery: summon butterflies
 49956 | WizLab   | Found a transporter.
 50007 | WizLab   | XOM: fake destruction
 50012 | WizLab   | XOM: scenery: summon butterflies
 50034 | WizLab   | XOM: polymorph smoke demon -> hellwing
 50038 | WizLab   | XOM: fog
 50250 | WizLab   | XOM: give mutations
 50250 | WizLab   | Gained mutation: Your flesh is very cold resistant. (rC++)
                  | [Xom's grace]
 50250 | WizLab   | Gained mutation: You have a pair of large horns on your
                  | head. [Xom's grace]
 50331 | Vaults:1 | XOM: scenery: 1 doors open, 2 doors close
 50545 | Vaults:1 | Reached XP level 21. HP: 140/151 MP: 24/27
 50553 | Vaults:1 | XOM: stat loss: -1 Str (21/22)
 50644 | Vaults:1 | XOM: 2-stop teleportation journey
 51158 | Vaults:1 | XOM: give mutations
 51158 | Vaults:1 | Lost mutation: You have a pair of large horns on your head.
                  | [Xom's mischief]
 51158 | Vaults:1 | Lost mutation: You possess an exceptional clarity of mind.
                  | [Xom's mischief]
 51278 | Vaults:1 | XOM: stat loss: -1 Dex (10/11)
 51326 | Vaults:1 | Found Alailur's Magic Scroll Shop.
 51333 | Vaults:1 | Found Sior's Assorted Antiques.
 51334 | Vaults:1 | Bought a scroll of teleportation for 48 gold pieces
 51334 | Vaults:1 | Bought a scroll of teleportation for 48 gold pieces
 51334 | Vaults:1 | Bought a scroll of teleportation for 48 gold pieces
 51602 | Vaults:1 | Bought a scroll labelled MYASUA XOIRPHU for 39 gold pieces
 51926 | Vaults:1 | XOM: chaos cloud
 51934 | Vaults:1 | XOM: chaos upgrade
 52059 | Vaults:1 | Found Yses's Antique Armour Boutique.
 52068 | Vaults:1 | Bought a pair of runed gloves for 262 gold pieces
 52165 | Vaults:1 | XOM: summons 1 hostile shadow creature
 52232 | Vaults:1 | XOM: enchant monster (bad)
 52496 | Vaults:1 | XOM: give mutation
 52496 | Vaults:1 | Lost mutation: Your mind is very acute. (Int +4) [Xom's
                  | mischief]
 52530 | Vaults:1 | XOM: summons 1 hostile demon
 52763 | Vaults:1 | XOM: summons 2 hostile shadow creatures
 52768 | Vaults:1 | XOM: polymorph ironbound beastmaster -> satyr
 53033 | Vaults:2 | XOM: silly message
 53035 | Vaults:2 | XOM: enchant monster (good)
 53292 | Vaults:2 | XOM: god gift: war axe {god gift}
 53501 | Vaults:2 | XOM: divination: magic mapping
 54053 | Vaults:2 | XOM: cleaving
 54412 | Vaults:2 | XOM: destruction
 54463 | Vaults:2 | XOM: god gift: 3 atropa-tipped darts
 54469 | Vaults:2 | XOM: cloud trail
 54505 | Vaults:2 | XOM: summons 11 hostile demons
 54700 | Vaults:2 | XOM: divination: detect items
 54703 | Vaults:2 | XOM: confuse monster(s)
 54976 | Vaults:2 | Identified the +4 whip of Virtue {venom, rPois}
 55013 | Vaults:2 | XOM: god gift: leatherbound book {god gift}
 55229 | Vaults:2 | XOM: cast spell 'Call Canine Familiar'
 55713 | Vaults:2 | XOM: divination: detect creatures
 55885 | Vaults:2 | Found a portal to a secret trove of treasure.
 55949 | Vaults:2 | XOM: scenery: 3 doors close
 56090 | Vaults:2 | XOM: repel stairs
 56263 | Vaults:3 | Reached XP level 22. HP: 122/159 MP: 21/28
 56451 | Vaults:3 | XOM: stat loss: -1 Str (21/22)
 56532 | Vaults:3 | XOM: draining
 56607 | Vaults:3 | XOM: give mutations
 56607 | Vaults:3 | Lost mutation: You are extremely frail. (-30% HP) [Xom's
                  | mischief]
 56607 | Vaults:3 | Lost mutation: You have a pair of horns on your head.
                  | [Xom's mischief]
 56613 | Vaults:3 | Lost mutation: You are weak. (Str -2) [potion of mutation]
 56613 | Vaults:3 | Lost mutation: You have a pair of small horns on your head.
                  | [potion of mutation]
 56614 | Vaults:3 | Lost mutation: You occasionally shout uncontrollably at
                  | your foes. [potion of mutation]
 56614 | Vaults:3 | Lost mutation: Your mind is acute. (Int +2) [potion of
                  | mutation]
 56614 | Vaults:3 | Lost mutation: You are very frail. (-20% HP) [potion of
                  | mutation]
 56614 | Vaults:3 | Gained mutation: Your spells are harder to cast, but more
                  | powerful. [potion of mutation]
 56816 | Vaults:3 | XOM: enchant monster (bad)
 56896 | Vaults:3 | XOM: confusion
 56907 | Vaults:3 | XOM: polymorph deep troll -> floating eye
 56927 | Vaults:3 | XOM: blink monster(s)
 57147 | Vaults:3 | XOM: give mutations
 57147 | Vaults:3 | Lost mutation: You have sharp fingernails. [Xom's mischief]
 57147 | Vaults:3 | Gained mutation: You have sharp fingernails. [Xom's
                  | mischief]
 57271 | Vaults:3 | Found a staircase to the Crypt.
 57310 | Vaults:3 | Reached skill level 15 in Crossbows
 57401 | Vaults:3 | XOM: blink monster(s)
 57402 | Vaults:3 | XOM: 5-stop teleportation journey
 57693 | Vaults:3 | XOM: cast spell 'Chain of Chaos'
 57850 | Vaults:3 | XOM: give mutations
 57850 | Vaults:3 | Lost mutation: Your spells are harder to cast, but more
                  | powerful. [Xom's mischief]
 57850 | Vaults:3 | Lost mutation: Your tail ends in a poisonous barb. [Xom's
                  | mischief]
 57850 | Vaults:3 | Gained mutation: You are clumsy. (Dex -2) [Xom's mischief]
 57850 | Vaults:3 | Lost mutation: You are mostly covered in iridescent scales.
                  | (AC +4) [Xom's mischief]
 58004 | Vaults:3 | XOM: give mutations
 58004 | Vaults:3 | Gained mutation: You expend magic power (3 MP) to
                  | strengthen your wands. [Xom's grace]
 58004 | Vaults:3 | Gained mutation: You are somewhat resistant to further
                  | mutation. [Xom's grace]
 58004 | Vaults:3 | Gained mutation: Your muscles are strong. (Str +2) [Xom's
                  | grace]
 58380 | Vaults:3 | XOM: scenery: 2 doors close
 58429 | Vaults:3 | XOM: god gift: 34 gold pieces
 58627 | Vaults:4 | XOM: destruction
 58756 | Vaults:4 | XOM: 2-stop teleportation journey
 59220 | Vaults:3 | XOM: scenery: 1 doors close
 59255 | Vaults:4 | XOM: divination: detect items
 59299 | Vaults:4 | XOM: scenery: 1 doors close
 59331 | Vaults:4 | XOM: summons 7 friendly demons
 59338 | Vaults:4 | XOM: scenery: 1 doors close
 59353 | Vaults:4 | XOM: destruction
 59354 | Vaults:4 | XOM: confuse monster(s)
 59455 | Vaults:4 | XOM: 2-stop teleportation journey
 59497 | Vaults:4 | XOM: give mutations
 59497 | Vaults:4 | Lost mutation: You are somewhat resistant to further
                  | mutation. [Xom's grace]
 59497 | Vaults:4 | Gained mutation: You evolve. [Xom's grace]
 59497 | Vaults:4 | Lost mutation: You are clumsy. (Dex -2) [Xom's grace]
 59497 | Vaults:4 | Gained mutation: Your natural rate of healing is unusually
                  | fast. [Xom's grace]
 59497 | Vaults:4 | Gained mutation: You are mostly covered in iridescent
                  | scales. (AC +4) [Xom's grace]
 59557 | Vaults:4 | XOM: give mutations
 59557 | Vaults:4 | Gained mutation: Your spells are harder to cast, but more
                  | powerful. [Xom's grace]
 59557 | Vaults:4 | Gained mutation: Your muscles are very strong. (Str +4)
                  | [Xom's grace]
 59557 | Vaults:4 | Gained mutation: You are partially covered in large bone
                  | plates. (SH +4) [Xom's grace]
 59634 | Vaults:4 | XOM: fog
 59692 | Vaults:4 | XOM: god gift: 2 potions of haste
 59726 | Vaults:4 | XOM: 2-stop teleportation journey
 59762 | Vaults:4 | XOM: polymorph brown ugly thing -> green ugly thing
 59796 | Vaults:4 | XOM: god gift: helmet {god gift}
 59845 | Vaults:4 | XOM: 8-stop teleportation journey
 59861 | Vaults:4 | XOM: summons friendly crimson imp
 59945 | Vaults:4 | XOM: enchant monster (bad)
 59957 | Vaults:4 | XOM: noise
 59959 | Vaults:4 | XOM: enchant monster (good)
 60165 | Vaults:4 | XOM: confusion (+ monsters)
 60286 | Vaults:4 | XOM: give mutations
 60286 | Vaults:4 | Lost mutation: Your spells are harder to cast, but more
                  | powerful. [Xom's mischief]
 60286 | Vaults:4 | Lost mutation: Your spells are a little harder to cast, but
                  | a little more powerful. [Xom's mischief]
 60286 | Vaults:4 | Lost mutation: You are frail. (-10% HP) [Xom's mischief]
 60464 | Vaults:4 | Gained mutation: You are agile. (Dex +2) [evolution]
 60576 | Vaults:4 | XOM: chaos cloud
 60584 | Vaults:4 | XOM: summons 2 hostile demons
 60586 | Vaults:4 | XOM: chaos upgrade
 60589 | Vaults:4 | XOM: enchant monster (bad)
 60596 | Vaults:4 | XOM: divination: detect items
 60614 | Vaults:4 | XOM: stat loss: -1 Int (12/13)
 60621 | Vaults:4 | XOM: polymorph quasit -> shadow imp
 60633 | Vaults:4 | Reached XP level 23. HP: 181/235 MP: 22/29
 60939 | Vaults:5 | XOM: stealth player
 60939 | Vaults:5 | Entered Level 5 of the Vaults
 60949 | Vaults:4 | XOM: blink monster(s)
 60950 | Vaults:4 | XOM: torment (117/237 hp)
 60967 | Vaults:4 | XOM: chaos cloud
 61170 | Vaults:2 | XOM: silly message
 61195 | D:14     | XOM is BORED!
 61428 | D:3      | Bought a scroll of blinking for 105 gold pieces
 61428 | D:3      | Bought a scroll of teleportation for 42 gold pieces
 61428 | D:3      | Bought a scroll of teleportation for 42 gold pieces
 61428 | D:3      | Bought a scroll of summoning for 133 gold pieces
 61438 | D:3      | XOM: give mutations
 61438 | D:3      | Lost mutation: You are agile. (Dex +2) [Xom's mischief]
 61438 | D:3      | Lost mutation: You are mostly covered in iridescent scales.
                  | (AC +4) [Xom's mischief]
 61473 | D:5      | XOM: noise
 61784 | Vaults:5 | XOM: noise
 61795 | Vaults:4 | XOM: silly message
 61800 | Vaults:4 | XOM: enchant monster (bad)
 61807 | Vaults:4 | XOM: noise
 61896 | Vaults:5 | XOM: enchant monster (good)
 61899 | Vaults:4 | XOM: polymorph vault guard -> spark wasp
 61905 | Vaults:4 | XOM: enchant monster (good)
 61907 | Vaults:4 | XOM: summons 2 friendly demons
 61998 | Vaults:4 | XOM: destruction
 62013 | Vaults:4 | XOM: god gift: throwing net
 62119 | Vaults:5 | XOM: confuse monster(s)
 62132 | Vaults:5 | XOM: potion effect (heal wounds)
 62133 | Vaults:5 | Noticed a golden dragon
 62152 | Vaults:5 | XOM: potion effect (curing)
 62199 | Vaults:5 | Noticed a golden dragon
 62199 | Vaults:5 | a titan changed into a golden dragon
 62199 | Vaults:5 | XOM: polymorph titan -> golden dragon
 62209 | Vaults:5 | XOM: potion effect (berserk rage)
 62221 | Vaults:5 | Killed a golden dragon
 62228 | Vaults:5 | XOM: potion effect (magic)
 62242 | Vaults:5 | XOM: potion effect (haste)
 62417 | Vaults:5 | Identified the +5 quarterstaff of Action {freeze, rElec}
 62474 | Vaults:5 | XOM: potion effect (heal wounds)
 62475 | Vaults:5 | XOM: cast spell 'Summon Ice Beast'
 62478 | Vaults:5 | XOM: enchant monster (good)
 62515 | Vaults:5 | XOM: destruction
 62537 | Vaults:5 | XOM: summons friendly iron imp
 62541 | Vaults:5 | XOM: confuse monster(s)
 62543 | Vaults:5 | XOM: potion effect (curing)
 62544 | Vaults:5 | XOM: enchant monster (good)
 62575 | Vaults:5 | XOM: potion effect (might)
 62650 | Vaults:5 | XOM: noise
 62726 | Vaults:5 | XOM: polymorph vault warden -> quicksilver dragon
 62738 | Vaults:5 | XOM: summons 11 friendly demons
 62757 | Vaults:5 | XOM: fake destruction
 62773 | Vaults:5 | XOM: silly message
 62892 | Vaults:5 | XOM: silly message
 63163 | Vaults:5 | XOM: smoke on damage
 63210 | Vaults:5 | Got a silver rune of Zot
 63301 | Vaults:5 | XOM: potion effect (invisibility)
 63312 | Vaults:5 | XOM: divination: detect creatures
 63341 | Vaults:5 | XOM: cleaving
 63348 | Vaults:5 | Killed a golden dragon
 63393 | Vaults:5 | Reached XP level 24. HP: 247/247 MP: 29/29
 63508 | Vaults:5 | XOM: confuse monster(s)
 63800 | Vaults:5 | Found Isiam's Distillery.
 63808 | Vaults:5 | Bought a potion of heal wounds for 75 gold pieces
 63808 | Vaults:5 | Bought a potion of haste for 150 gold pieces
 63808 | Vaults:5 | Bought a potion of haste for 150 gold pieces
 63808 | Vaults:5 | Bought a potion of curing for 45 gold pieces
 63808 | Vaults:5 | Bought a potion of might for 60 gold pieces
 63808 | Vaults:5 | Bought a potion of might for 60 gold pieces
 64464 | Vaults:5 | XOM: fog
 64576 | Vaults:3 | XOM: stat loss: -1 Int (12/13)
 64671 | Depths:1 | Entered Level 1 of the Depths
 64787 | D:15     | XOM: polymorph boulder beetle -> ettin
 64800 | Depths:1 | XOM: scenery: create altars
 64803 | Depths:1 | XOM: potion effect (might)
 64837 | D:15     | XOM: give mutations
 64837 | D:15     | Lost mutation: Your natural rate of healing is unusually
                  | fast. [Xom's mischief]
 64837 | D:15     | Lost mutation: You are partially covered in iridescent
                  | scales. (AC +2) [Xom's mischief]
 64837 | D:15     | Lost mutation: You evolve. [Xom's mischief]
 64837 | D:15     | Lost mutation: Your muscles are very strong. (Str +4)
                  | [Xom's mischief]
 64931 | D:15     | XOM: god gift: 43 gold pieces
 65267 | Depths:1 | XOM: silly message
 65353 | Depths:1 | XOM: give mutations
 65353 | Depths:1 | Gained mutation: You can exhale a cloud of poison. [Xom's
                  | grace]
 65353 | Depths:1 | Gained mutation: You have very sharp fingernails. [Xom's
                  | grace]
 65359 | Depths:1 | XOM: enchant monster (good)
 65469 | Depths:1 | XOM: silly message
 65632 | Depths:1 | Identified the amulet "Atwimaix" {Acrobat Drain rElec
                  | Regen+ Dex+4}
 65658 | Depths:1 | Noticed a juggernaut
 65690 | Depths:1 | XOM: 1-stop teleportation journey
 65700 | Depths:1 | XOM: give mutations
 65700 | Depths:1 | Lost mutation: You expend magic power (3 MP) to strengthen
                  | your wands. [Xom's mischief]
 65700 | Depths:1 | Lost mutation: Your muscles are strong. (Str +2) [Xom's
                  | mischief]
 65700 | Depths:1 | Gained mutation: You are clumsy. (Dex -2) [Xom's mischief]
 65700 | Depths:1 | Gained mutation: Your body sometimes deteriorates upon
                  | taking damage. [Xom's mischief]
 65796 | Depths:1 | XOM: divination: magic mapping
 65802 | Depths:1 | Killed a juggernaut
 65803 | Depths:1 | Reached skill level 10 in Dodging
 66066 | Depths:1 | XOM: polymorph smoke demon -> neqoxec
 66070 | Depths:1 | Gained mutation: You tend to lose your temper in combat. [a
                  | neqoxec]
 66086 | Depths:1 | Found a gateway to Hell.
 66282 | Depths:1 | XOM: noise
 66340 | Depths:1 | XOM: noise
 66426 | Depths:1 | XOM: silly message
 66785 | Depths:1 | XOM: scenery: create altars
 66979 | Depths:1 | XOM: noise
 67102 | Depths:1 | Reached XP level 25. HP: 248/254 MP: 29/29
 67184 | Depths:2 | XOM: confusion
 67217 | Depths:2 | XOM: silly message
 67236 | Depths:1 | XOM: give mutations
 67236 | Depths:1 | Lost mutation: Your body sometimes deteriorates upon taking
                  | damage. [Xom's mischief]
 67236 | Depths:1 | Lost mutation: You have very sharp teeth. [Xom's mischief]
 67236 | Depths:1 | Gained mutation: You sometimes lose the ability to read
                  | scrolls when taking damage. [Xom's mischief]
 67263 | Depths:2 | Found Dugaczom's Weapon Shop.
 67280 | Depths:2 | XOM: enchant monster (bad)
 67310 | Depths:2 | XOM: smoke on damage
 67401 | Depths:1 | XOM: polymorph iron troll -> fenstrider witch
 67447 | Depths:2 | XOM: potion effect (might)
 67533 | Depths:2 | XOM: enchant monster (bad)
 67581 | Depths:2 | XOM: swap monsters
 67587 | Depths:2 | XOM: noise
 67595 | Depths:2 | XOM: potion effect (invisibility)
 67626 | Depths:2 | XOM: divine lightning
 67630 | Depths:2 | Found a flickering gateway to a bazaar.
 67635 | Depths:2 | XOM: scenery: summon butterflies
 67638 | Bazaar   | Entered a bazaar
 67672 | Bazaar   | Found Umihio Logis's Book Boutique.
 67672 | Bazaar   | XOM: scenery: 1 doors open
 67738 | Bazaar   | Found Poduch's General Store.
 67738 | Bazaar   | Found Ceul's Antique Armour Boutique.
 67739 | Bazaar   | Found Otatto's Antique Weapon Boutique.
 67749 | Bazaar   | Bought a scroll of magic mapping for 66 gold pieces
 67778 | Depths:2 | XOM: polymorph rakshasa -> blizzard demon
 67795 | Depths:2 | XOM: polymorph iron troll -> shapeshifter
 67805 | Depths:2 | XOM: polymorph polar bear -> polar bear
 67846 | Depths:2 | XOM: 2-stop teleportation journey
 67915 | Depths:2 | XOM: fog
 67987 | Depths:2 | XOM: silly message
 68061 | Depths:2 | XOM: silly message
 68235 | Depths:2 | Found a broken altar of Ashenzari.
 68235 | Depths:2 | Found a hide-covered altar of Uskayaw.
 68328 | Depths:2 | Found a blossoming altar of Fedhas.
 68329 | Depths:2 | Found a shimmering altar of Xom.
 68343 | Depths:2 | Found the +7 mace of Variability {chain chaos}
 68345 | Depths:2 | XOM: 1-stop teleportation journey
 68348 | Depths:2 | Gained mutation: You are very clumsy. (Dex -4) [a
                  | cacodemon]
 68352 | Depths:2 | XOM: give mutations
 68352 | Depths:2 | Lost mutation: You are very clumsy. (Dex -4) [Xom's
                  | mischief]
 68352 | Depths:2 | Lost mutation: You can exhale a cloud of poison. [Xom's
                  | mischief]
 68352 | Depths:2 | Lost mutation: Your flesh is very cold resistant. (rC++)
                  | [Xom's mischief]
 68352 | Depths:2 | Gained mutation: Your mind is acute. (Int +2) [Xom's
                  | mischief]
 68565 | Depths:2 | Found Hecliall's Distillery.
 68568 | Depths:2 | Bought a potion of haste for 210 gold pieces
 68568 | Depths:2 | Bought a potion of haste for 210 gold pieces
 68568 | Depths:2 | Bought a potion of invisibility for 168 gold pieces
 68568 | Depths:2 | Bought a potion of might for 84 gold pieces
 68568 | Depths:2 | Bought a potion of might for 84 gold pieces
 68665 | Depths:2 | XOM: enchant monster (bad)
 68822 | Depths:2 | Upgraded the game from 0.27-a0-1191-g601b473118 to
                  | 0.27-a0-1193-g8631133539
 68888 | Depths:3 | XOM: cast spell 'Summon Ice Beast'
 68891 | Depths:3 | XOM: blink monster(s)
 69052 | Depths:3 | XOM: cleaving
 69056 | Depths:3 | XOM: confusion (+ monsters)
 69126 | Depths:3 | XOM: 1-stop teleportation journey
 69162 | Depths:3 | Noticed a dread lich
 69209 | Depths:3 | XOM: confusion (+ monsters)
 69213 | Depths:3 | XOM: smoke on damage
 69215 | Depths:3 | XOM: polymorph reaper -> lorocyproca
 69216 | Depths:3 | Killed a dread lich
 69217 | Depths:3 | XOM: cleaving
 69218 | Depths:3 | XOM: chaos upgrade
 69275 | Depths:3 | XOM: enchant monster (bad)
 69414 | Depths:3 | XOM: noise
 69496 | Depths:3 | Identified the Guide on Black Rites
 69538 | Depths:3 | Reached XP level 26. HP: 214/260 MP: 29/29
 69539 | Depths:3 | XOM: 2-stop teleportation journey
 69572 | Depths:3 | Lost mutation: You tend to lose your temper in combat.
                  | [potion of mutation]
 69572 | Depths:3 | Lost mutation: You sometimes lose the ability to read
                  | scrolls when taking damage. [potion of mutation]
 69572 | Depths:3 | Gained mutation: You sometimes lose the ability to read
                  | scrolls when taking damage. [potion of mutation]
 69572 | Depths:3 | Gained mutation: You can exhale a cloud of poison. [potion
                  | of mutation]
 69573 | Depths:3 | Lost mutation: You can exhale a cloud of poison. [potion of
                  | mutation]
 69573 | Depths:3 | Lost mutation: You have very sharp fingernails. [potion of
                  | mutation]
 69573 | Depths:3 | Gained mutation: You have a pair of small antennae on your
                  | head. [potion of mutation]
 69573 | Depths:3 | Gained mutation: Your muscles are strong. (Str +2) [potion
                  | of mutation]
 69574 | Depths:3 | Lost mutation: You have a pair of small antennae on your
                  | head. [potion of mutation]
 69574 | Depths:3 | Lost mutation: Your flesh is cold resistant. (rC+) [potion
                  | of mutation]
 69574 | Depths:3 | Lost mutation: You are clumsy. (Dex -2) [potion of
                  | mutation]
 69574 | Depths:3 | Gained mutation: You have a somewhat thin skeletal
                  | structure. (Dex +2, Stealth+) [potion of mutation]
 69624 | Depths:3 | XOM: cast spell 'Summon Hydra'
 69676 | Depths:3 | Found a broken altar of Ashenzari.
 69754 | Depths:3 | XOM: enchant monster (bad)
 69763 | Depths:3 | XOM: summons 4 hostile shadow creatures
 69846 | Depths:3 | Found a gateway to a ziggurat.
 69846 | Depths:3 | XOM: 5-stop teleportation journey
 69999 | Depths:3 | Found a one-way gate leading to the halls of Pandemonium.
 70084 | Depths:3 | Found Suaduehe's Book Shoppe.
 70085 | Depths:3 | Found Cakhaal's Jewellery Boutique.
 70086 | Depths:3 | Found Bophoceg's Book Shoppe.
 70131 | Depths:3 | XOM: polymorph stone giant -> alligator snapping turtle
 70248 | Depths:3 | XOM: give mutations
 70248 | Depths:3 | Gained mutation: You tend to lose your temper in combat.
                  | [Xom's mischief]
 70248 | Depths:3 | Gained mutation: Your body sometimes deteriorates upon
                  | taking damage. [Xom's mischief]
 70248 | Depths:3 | Gained mutation: You are clumsy. (Dex -2) [Xom's mischief]
 70412 | Depths:3 | XOM: stat loss: -1 Int (14/15)
 70626 | Hell     | Entered the Vestibule of Hell
 70722 | Depths:4 | XOM: draining
 70781 | Depths:4 | XOM: summons 4 hostile shadow creatures
 70822 | Depths:4 | Identified the +9 spear of Fate {vorpal, rC+ Will+ Str+3}
 70823 | Depths:4 | Identified the +9 spear of the Middle {flame, rPois}
 70854 | Depths:4 | XOM: chaos upgrade
 71085 | Depths:4 | XOM: summons friendly crimson imp
 71091 | Depths:4 | XOM: summons 2 friendly demons
 71246 | Depths:4 | Reached skill level 1 in Translocations
 71326 | Depths:4 | Found a corrupted altar of Lugonu.
 71577 | Depths:4 | XOM: cast spell 'Cause Fear'
 71590 | Depths:4 | XOM: cleaving
 71820 | Depths:4 | XOM: summons 2 hostile shadow creatures
 72302 | Depths:5 | Entered Level 5 of the Depths
 72312 | Depths:4 | XOM: swap monsters
 72403 | Depths:4 | XOM: confusion (+ monsters)
 72550 | Depths:5 | XOM: cleaving
 72625 | Depths:4 | XOM: chaos upgrade
 72757 | Depths:5 | XOM: smoke on damage
 72791 | Depths:5 | Found a huge runed gate.
 72792 | Depths:5 | Found a huge runed gate.
 72792 | Depths:5 | Found a huge runed gate.
 72793 | Depths:5 | Found a huge runed gate.
 72803 | Depths:5 | Found a huge runed gate.
 72804 | Depths:5 | Found a huge runed gate.
 72805 | Depths:5 | Found a huge runed gate.
 72806 | Depths:5 | Found a huge runed gate.
 72809 | Depths:5 | Found a huge runed gate.
 72810 | Depths:5 | Found a huge runed gate.
 72811 | Depths:5 | Found a huge runed gate.
 72813 | Depths:5 | Found a huge runed gate.
 72983 | Depths:5 | Found a shimmering altar of Xom.
 73099 | Depths:5 | Found a gate to the Realm of Zot.
 73104 | Depths:5 | Reached skill level 5 in Translocations
 73116 | Depths:5 | XOM: confusion (+ monsters)
 73287 | Depths:5 | Reached XP level 27. HP: 276/276 MP: 29/29
 73312 | Depths:5 | XOM: god gift: 20 bolts
 73345 | Depths:5 | Acquired the amulet "Hiunoirarr" {Reflect +Blink Int+2
                  | SH+5}
 73380 | Depths:5 | Found a huge runed gate.
 73380 | Depths:5 | Found a huge runed gate.
 73380 | Depths:5 | Found a huge runed gate.
 73382 | Depths:5 | Found a huge runed gate.
 73383 | Depths:5 | Found a huge runed gate.
 73385 | Depths:5 | Found a huge runed gate.
 73386 | Depths:5 | Found a huge runed gate.
 73386 | Depths:5 | Found a huge runed gate.
 73387 | Depths:5 | Found a huge runed gate.
 73425 | Depths:5 | XOM: summons friendly iron imp
 73460 | Depths:5 | XOM: scenery: summon butterflies
 73508 | Depths:5 | Found a huge runed gate.
 73508 | Depths:5 | Found a huge runed gate.
 73556 | Depths:5 | Found a huge runed gate.
 73556 | Depths:5 | Found a huge runed gate.
 73556 | Depths:5 | Found a huge runed gate.
 73557 | Depths:5 | Found a huge runed gate.
 73865 | Depths:5 | Noticed Qiadic's ghost (adept HaHu)
 73865 | Depths:5 | Noticed Zoudwusmoff's ghost (adept HaHu)
 73865 | Depths:5 | Noticed Hyfasadu's ghost (veteran DDAr)
 73865 | Depths:5 | Noticed Goerukk's ghost (adept HuFi)
 73865 | Depths:5 | Noticed Qiadic's ghost (adept HaHu)
 73865 | Depths:5 | Noticed Goerukk's ghost (adept HuFi)
 73865 | Depths:5 | Noticed Opuan's ghost (adept NaFi)
 73868 | Depths:5 | Noticed Qeapsu Xaesm's ghost (adept NaFi)
 73872 | Depths:5 | XOM: scenery: create altars
 73876 | Depths:5 | XOM: summons 13 friendly demons
 73886 | Depths:5 | XOM: destruction
 73887 | Depths:5 | XOM: cleaving
 73907 | Depths:5 | XOM: summons 2 friendly demons
 73956 | Depths:5 | Killed Hyfasadu's ghost
 74003 | Depths:5 | XOM: scenery: 1 fountains blood, 1 doors close
 74032 | Depths:5 | XOM: scenery: summon butterflies
 74072 | Depths:5 | Killed Goerukk's ghost
 74074 | Depths:5 | XOM: summons 3 friendly demons
 74075 | Depths:5 | XOM: enchant monster (good)
 74103 | Depths:5 | Killed Zoudwusmoff's ghost
 74125 | Depths:5 | XOM: polymorph deep elf annihilator -> deep elf annihilator
 74270 | Depths:5 | XOM: scenery: create altars
 74277 | Depths:5 | XOM: god gift: scroll of enchant armour
 74288 | Depths:5 | XOM: fog
 74299 | Depths:4 | Killed Opuan's ghost
 74386 | Depths:5 | Identified the amulet "Itimaqye" {Spirit rN+}
 74392 | Depths:5 | Identified the ring of Xom's Flight of Fancy {+Blink rPois
                  | AC+4 Int+2}
 74415 | Depths:5 | XOM: polymorph spriggan defender -> catoblepas
 74508 | Zot:1    | Entered Level 1 of the Realm of Zot
 74561 | Zot:1    | XOM: polymorph purple draconian knight -> sphinx
 74606 | Zot:1    | XOM: scenery: 1 doors close
 74695 | Depths:5 | XOM: god gift: 945 gold pieces
 74701 | Depths:5 | Killed Qiadic's ghost
 74855 | Zot:1    | XOM: swap monsters
 74896 | Zot:1    | XOM: 1-stop teleportation journey
 74921 | Zot:1    | XOM: draining
 74936 | Zot:1    | XOM: smoke on damage
 74936 | Zot:1    | XOM: torment (94/248 hp)
 75083 | Zot:1    | XOM: scenery: 3 doors close
 75086 | Zot:1    | XOM: scenery: 1 doors open
 75089 | Zot:1    | XOM: silly message
 75097 | Zot:1    | XOM: stat loss: -1 Int (16/17)
 75365 | Zot:1    | XOM: summons 4 hostile demons
 75396 | Zot:1    | XOM: enchant monster (good)
 75402 | Zot:1    | XOM: polymorph yellow draconian scorcher -> glowing
                  | shapeshifter
 75496 | Zot:1    | XOM: 6-stop teleportation journey
 75540 | Zot:1    | XOM: give mutations
 75540 | Zot:1    | Gained mutation: You are frail. (-10% HP) [Xom's mischief]
 75540 | Zot:1    | Gained mutation: Your flesh is cold resistant. (rC+) [Xom's
                  | mischief]
 75540 | Zot:1    | Lost mutation: You tend to lose your temper in combat.
                  | [Xom's mischief]
 75540 | Zot:1    | Lost mutation: Your body sometimes deteriorates upon taking
                  | damage. [Xom's mischief]
 75592 | Zot:1    | XOM: scenery: create altars
 75674 | Zot:1    | Noticed an orb of fire
 75719 | Zot:1    | You fall into a shaft and drop 1 floor!
 75929 | Zot:1    | XOM: silly message
 75933 | Zot:1    | XOM: enchant monster (good)
 75934 | Zot:1    | XOM: scenery: summon butterflies
 75971 | Zot:1    | XOM: swap monsters
 76416 | Zot:2    | XOM: summons 1 hostile demon
 76488 | Zot:2    | XOM: scenery: 1 doors close
 76689 | Zot:2    | XOM: summons 1 hostile demon
 76721 | Zot:2    | XOM: confusion
 76796 | Zot:3    | Found a huge runed gate.
 76796 | Zot:3    | Found a huge runed gate.
 76796 | Zot:3    | Found a huge runed gate.
 76853 | Zot:3    | Found a huge runed gate.
 76853 | Zot:3    | Found a huge runed gate.
 76853 | Zot:3    | Found a huge runed gate.
 76853 | Zot:3    | Found a huge runed gate.
 76855 | Zot:3    | Found a huge runed gate.
 76855 | Zot:3    | Found a huge runed gate.
 76858 | Zot:3    | Found a huge runed gate.
 76886 | Zot:3    | Found a huge runed gate.
 76887 | Zot:3    | Found a huge runed gate.
 76887 | Zot:3    | Found a huge runed gate.
 77091 | Zot:4    | XOM: 1-stop teleportation journey
 77095 | Zot:4    | XOM: confusion (+ monsters)
 77126 | Zot:4    | XOM: summons 2 friendly demons
 77127 | Zot:4    | XOM: confuse monster(s)
 77129 | Zot:4    | XOM: confuse monster(s)
 77251 | Zot:4    | XOM: potion effect (invisibility)
 77301 | Zot:4    | XOM: stat loss: -1 Int (16/17)
 77306 | Zot:4    | XOM: potion effect (berserk rage)
 77655 | Zot:4    | XOM: enchant monster (bad)
 77658 | Zot:4    | XOM: divination: detect items
 77740 | Zot:4    | Learned a level 3 spell: Portal Projectile
 77745 | Zot:4    | Learned a level 4 spell: Passage of Golubria
 77900 | Zot:4    | XOM: silly message
 77919 | Zot:3    | XOM: summons 9 friendly demons
 78302 | Zot:4    | XOM: give mutations
 78302 | Zot:4    | Lost mutation: You are partially covered in large bone
                  | plates. (SH +4) [Xom's mischief]
 78302 | Zot:4    | Gained mutation: You have a pair of small horns on your
                  | head. [Xom's mischief]
 78302 | Zot:4    | Lost mutation: You are frail. (-10% HP) [Xom's mischief]
 78398 | Zot:5    | Entered Level 5 of the Realm of Zot
 78601 | Zot:5    | XOM: noise
 78641 | Zot:5    | XOM: confuse monster(s)
 78914 | Zot:5    | XOM: silly message
 78926 | Zot:5    | XOM: blink monster(s)
 78939 | Zot:5    | XOM: 1-stop teleportation journey
 78940 | Zot:5    | Noticed an ancient lich
 78941 | Zot:5    | XOM: 2-stop teleportation journey
 78942 | Zot:5    | Noticed an ancient lich
 78942 | Zot:5    | Noticed an orb of fire
 78942 | Zot:5    | Gained mutation: You are very clumsy. (Dex -4) [an orb of
                  | fire]
 78947 | Zot:5    | Gained mutation: You tend to lose your temper in combat.
                  | [mutagenic glow]
 78976 | Zot:5    | Gained mutation: You often lose your temper in combat.
                  | [mutagenic glow]
 79077 | Zot:5    | XOM: chaos cloud
 79203 | Zot:5    | XOM: give mutations
 79203 | Zot:5    | Lost mutation: You sometimes lose the ability to read
                  | scrolls when taking damage. [Xom's mischief]
 79203 | Zot:5    | Lost mutation: You have a pair of small horns on your head.
                  | [Xom's mischief]
 79203 | Zot:5    | Lost mutation: You are very clumsy. (Dex -4) [Xom's
                  | mischief]
 79203 | Zot:5    | Lost mutation: Your mind is acute. (Int +2) [Xom's
                  | mischief]
 79203 | Zot:5    | Noticed a dread lich
 79205 | Zot:5    | Noticed an orb of fire
 79227 | Zot:5    | Killed a dread lich
 79231 | Zot:5    | XOM: repel stairs
 79324 | Zot:5    | Noticed a dread lich
 79338 | Zot:5    | Killed a dread lich
 79452 | Zot:5    | XOM: summons 8 hostile demons
 79488 | Zot:4    | Killed an ancient lich
 79502 | Zot:5    | XOM: summons 7 friendly demons
 79548 | Zot:4    | XOM: draining
 79590 | Zot:5    | XOM: summons 4 hostile shadow creatures
 79593 | Zot:5    | XOM: blink monster(s)
 79597 | Zot:5    | Gained mutation: Your body sometimes deteriorates upon
                  | taking damage. [an orb of fire]
 79603 | Zot:5    | Killed an orb of fire
 79626 | Zot:5    | Noticed an ancient lich
 79627 | Zot:5    | XOM: summons 6 friendly demons
 79633 | Zot:5    | Killed an ancient lich
 79930 | Zot:5    | Noticed an orb of fire
 79941 | Zot:5    | Gained mutation: You have a pair of small horns on your
                  | head. [an orb of fire]
 79943 | Zot:5    | Killed an orb of fire
 79961 | Zot:5    | Identified the +8 arbalest of the Old World {venom, rElec
                  | Str+9 Int-2 Stlth+} (Xom gifted it to you on level 5 of the
                  | Realm of Zot)
 79961 | Zot:5    | XOM: god gift: +8 arbalest of the Old World {chaos, rElec
                  | Str+9 Int-2 Stlth+}
 80051 | Zot:5    | XOM: swap monsters
 80130 | Zot:5    | XOM: torment (146/290 hp)
 80270 | Zot:5    | XOM: 1-stop teleportation journey
 80333 | Zot:5    | XOM: 1-stop teleportation journey
 80338 | Zot:5    | XOM: 2-stop teleportation journey
 80348 | Zot:5    | XOM: swap monsters
 80413 | Zot:5    | Killed an ancient lich
 80513 | Zot:5    | Noticed an orb of fire
 80518 | Zot:5    | Gained mutation: You are very clumsy. (Dex -4) [an orb of
                  | fire]
 80522 | Zot:5    | XOM: swap monsters
 80533 | Zot:5    | Killed an orb of fire
 80621 | Zot:5    | XOM: summons 2 hostile shadow creatures
 80784 | Zot:4    | XOM: give mutations
 80784 | Zot:4    | Lost mutation: Your body sometimes deteriorates upon taking
                  | damage. [Xom's mischief]
 80784 | Zot:4    | Lost mutation: You are very clumsy. (Dex -4) [Xom's
                  | mischief]
 80784 | Zot:4    | Lost mutation: Your flesh is cold resistant. (rC+) [Xom's
                  | mischief]
 80856 | Zot:5    | Gained mutation: Your body sometimes deteriorates upon
                  | taking damage. [an orb of fire]
 80864 | Zot:5    | Killed an orb of fire
 80992 | Zot:5    | XOM: polymorph Orb Guardian -> goliath frog
 81231 | Zot:5    | Got the Orb of Zot
 81243 | Zot:5    | Noticed Opioh the pandemonium lord
 81257 | Zot:5    | Killed Opioh the pandemonium lord
 81342 | Zot:4    | XOM: chaos upgrade
 81366 | Zot:3    | XOM: blink monster(s)
 81442 | Zot:1    | Noticed Oxkaq the pandemonium lord
 81442 | Zot:1    | XOM: 3-stop teleportation journey
 81509 | Zot:1    | Gained mutation: You do not regenerate when monsters are
                  | visible. [an orb of fire]
 81511 | Zot:1    | Gained mutation: You are dopey. (Int -2) [an orb of fire]
 81513 | Zot:1    | Gained mutation: You are frail. (-10% HP) [an orb of fire]
 81517 | Zot:1    | Killed an orb of fire
 81606 | Zot:1    | XOM: summons friendly shadow imp
 81632 | Zot:1    | XOM: enchant monster (good)
 81640 | Depths:5 | XOM: chaos upgrade
 81689 | Depths:4 | Identified the amulet of Zapugo {Reflect Dex+4 SH+5} (Xom
                  | gifted it to you on level 4 of the Depths)
 81689 | Depths:4 | XOM: god gift: amulet of Zapugo {Reflect Dex+4 SH+5}
 81737 | Depths:3 | XOM: scenery: summon butterflies
 81738 | Depths:3 | XOM: fog
 81812 | D:14     | Noticed Vesyots the pandemonium lord
 81889 | D:11     | XOM: butterfly on damage
 81890 | D:11     | Noticed Sapek the pandemonium lord
 81892 | D:11     | XOM: cleaving
 81893 | D:11     | Killed from afar by Sapek the pandemonium lord

Illustrated notes

Levels and vault maps discovered:
D:1:      dpeg_arrival_rooms_b, layout_rooms, serial_forest,
          infiniplex_forest_straight_5, infiniplex_forest_end_3,
          infiniplex_forest_fountain, infiniplex_forest_end_2,
          infiniplex_forest_end_3, infiniplex_forest_lined_2,
          infiniplex_forest_straight_1
D:2:      layout_loops_ring, minmay_statues_item, uniq_jessica
D:3:      layout_rooms, serial_shops, nicolae_shop_crystal,
          gup_sewer_entry_glass
D:4:      layout_basic, temple_green, corexii_corridor_pit, st_stairs_8,
          minmay_pentangle, uniq_grinder, uniq_duvessa
D:5:      layout_basic, kennysheep_mini_moat, minmay_checkerbox
D:6:      layout_layer_cave, gammafunk_ghost_necromancy,
          hangedman_abyss_or_decor_slice, uniq_edmund
D:7:      nzn_winding_woodlands_three_and_one
          [nzn_winding_woodlands_5x15_pathside_ponds,
          nzn_winding_woodlands_5x15_sawtooth,
          nzn_winding_woodlands_5x15_split_checker,
          nzn_winding_woodlands_center_pierced_h], layout_layer_cave,
          st_stairs_7, uniq_harold
D:8:      minmay_opposing_rooms, layout_loops_ring,
          gammafunk_ghost_berserking_beasts
D:9:      hangedman_screamer, layout_basic, dpeg_lair_monsters
D:10:     layout_long_grid, grunt_temple_overflow_open, nrook_loot_triangle,
          nzn_sisyphean_effort
D:11:     minmay_chopped_fan, layout_basic, orc_david_3, uniq_fannar
D:12:     layout_loops_corners
D:13:     layout_irregular_city
D:14:     layout_rooms, david_vaults_5, gammafunk_ghost_abyssal_escape
D:15:     hangedman_depths_entry_civil_slaughter, layout_cave_pools,
          minmay_misc_feat_enclosed, uniq_azrael, uniq_nessos
Lair:1:   layout_gridlike, serial_bayou_shore_b, grunt_megastairs_2
Lair:2:   layout_regular_city, swamp_mist, nicolae_spider_entry_tight_spaces,
          basic_altar, kennysheep_snail_temple, grunt_megastairs_1
Lair:3:   layout_gridlike, minmay_lair_oklob_bushes, serial_bayou_lagoon_b,
          lemuel_fruit_fields, serial_bayou_shore_a
Lair:4:   layout_big_grid, minmay_lindwurm_lava, lemuel_fruit_fields
Lair:5:   gammafunk_cloud_chamber, layout_long_grid, minmay_slime_entry_pillars,
          uniq_josephine
Lair:6:   grunt_lair_end_beastmaster, layout_regular_city, minivault_27,
          minivault_11, pond
Swamp:1:  layout_basic_swamp, evilmike_swamp_ruin_wall
Swamp:2:  layout_falls_marsh, nicolae_swamp_godswood, grunt_hermit_hut
Swamp:3:  layout_basic_swamp, gammafunk_ghost_split,
          evilmike_swamp_ruin_house_3, swamp_pool4
Swamp:4:  swamp_alternative, layout_basic_swamp, swamp_pool4, uniq_donald,
          uniq_roxanne
Spider:1: layout_spider_delve
Spider:2: layout_spider_delve
Spider:3: layout_spider_delve, uniq_kirke
Spider:4: floodkiller_spider_rune_tomb, nicolae_spider_altar_of_dancing
Orc:1:    layout_diamond_mine
Orc:2:    grunt_orc_gardens, layout_caves, grunt_orc_garden, grunt_orc_garden,
          grunt_orc_garden, grunt_orc_garden, enter_volcano_2, abandoned_shop,
          kennysheep_orc_chapel
Vaults:1: hangedman_vaults_stitches, ontoclasm_vaults_fault,
          ontoclasm_vaults_loading_screen, nicolae_vaults_little_squares_1,
          v_alt_pattern_5, hangedman_vaults_restitches, v_pattern_4,
          grunt_vaults_hallway_long, nicolae_vaults_windows_and_doors_thing,
          ontoclasm_vaults_decontamination, vaults_dpeg_hooks,
          layout_vaults_big_cross, mu_enter_wizlab_5, serial_shops,
          nicolae_shop_waterfront, nicolae_shop_waterfront, shop
Vaults:2: vaults_room_octagon, vaults_mumra_hex, hangedman_vaults_trim,
          ontoclasm_vaults_ring_square, hangedman_vaults_unwind,
          nicolae_vaults_puzzle_piece, dpeg_vaults_monster_box,
          nicolae_vaults_border_crossing, nicolae_vaults_little_squares_1,
          ontoclasm_vaults_fire_temple, layout_vaults_ring, enter_trove_5
Vaults:3: minmay_crypt_entry_nasty_monster, nicolae_vaults_circle_grid_b,
          hangedman_vaults_variations, vaults_room_ringed_pool, v_pattern_2,
          nicolae_vaults_c_with_doors, nicolae_vaults_circle_grid_b,
          nicolae_vaults_three_branches, nicolae_vaults_puzzle_piece,
          nicolae_vaults_specimen_jars, dpeg_vaults_monster_row,
          layout_vaults_maze_snakey
Vaults:4: hangedman_vaults_river_flow, vaults_room_octagon, v_misc_30, v_misc_4,
          v_misc_30, v_alt_pattern_6, grunt_vaults_twisty, st_lattice,
          nicolae_vaults_little_ls, grunt_vaults_diagonal,
          layout_vaults_omnigrid
Vaults:5
Depths:1: minmay_four_inscribed_fans, layout_gridville, lightli_too_deep,
          kennysheep_small_spiral, hangedman_stitches_earthworm
Depths:2: minmay_the_grid_octo_triangle [minmay_the_grid_octo_shrine,
          minmay_the_grid_octo_prize_square_snowflake,
          minmay_the_grid_octo_clover_2], layout_cross,
          pf_vacation_house_of_asmodeus, serial_shops, bzr_entry_lakeside, shop,
          nicolae_shop_window_shopping, hex_medium, wad_dig_loot,
          infiniplex_staircase_zigzag_1
Depths:3: minmay_diamond_stairs, layout_cave_pools, enter_ziggurat_e,
          special_room [special_room_morgue], grunt_pan_entry_sceptre,
          grunt_hell_entry_dis_old, evilmike_ruin_ashenzari, minmay_shop_grove
Depths:4: grunt_double_whammy, layout_basic, rand_demon_pan_entry_3, hell_entry,
          abyss_entry_flame_altar, serial_corexii_hall,
          chequers_hall_statues_corner_a, corexii_hall_statues_l,
          corexii_hall_statues_i, corexii_hall_statues_l,
          chequers_hall_statues_y, corexii_hall_statues_s, nrook_uturn,
          minmay_misc_feat_diagonals
Depths:5: grunt_zot_entry_tricorne, layout_long_grid, hell_entry,
          minmay_misc_feat_hallway, gammafunk_ghost_door_vault,
          minmay_splitting_lines, xom_teletrap_fun
Hell
Zot:1:    lemuel_draconian_sentries, layout_gridlike, st_stairs_12,
          guppyfry_library_mini
Zot:2:    layout_gridville, hangedman_zot_wheel_spokes
Zot:3:    kennysheep_blocky_room, layout_concentric_octagons, not_door_vault_due
Zot:4:    layout_twisted_circle, st_stairs_8
Zot:5:    layout_twisted_circle

Skill      XL: |  1  2  3  4  5  6  7  8  9 10 11 12 13 14 15 16 17 18 19 20 21 22 23 24 25 26 27 |
---------------+----------------------------------------------------------------------------------+-----
Dodging        | 1 2 3 4 5 7 11 14 | 14.5
Armour         | 2 3 4 5 7 10 | 10.0
Fighting       | 4 5 6 8 10 11 13 14 17 19 20 21 26 | 26.8
Polearms       | 4 5 6 8 11 13 14 15 17 20 | 20.0
Ice Magic      | 3 8 |  8.2
Poison Magic   | 6 8 9 10 | 10.0
Spellcasting   | 2 4 |  4.0
Transmutations | 3 |  3.0
Crossbows      | 4 5 10 13 16 19 20 22 23 26 | 26.0
Translocations | 5 |  5.0

Action                   |  1- 3 |  4- 6 |  7- 9 | 10-12 | 13-15 | 16-18 | 19-21 | 22-24 | 25-27 || total
-------------------------+-------+-------+-------+-------+-------+-------+-------+-------+-------++-------
Melee: Spear             |    66 |   238 |    88 |       |    45 |    13 |       |       |       ||   450
       Halberd           |       |       |   295 |   552 |       |       |       |       |       ||   847
       Headbutt          |       |       |    17 |   163 |   177 |   271 |   409 |    11 |    41 ||  1089
       Glaive            |       |       |       |   314 |   748 |  1082 |  1896 |  1493 |  1802 ||  7335
       Constrict         |       |       |       |       |   128 |   176 |   255 |   182 |   216 ||   957
       Trident           |       |       |       |       |    10 |     9 |       |       |       ||    19
       Bite              |       |       |       |       |       |       |   153 |   271 |     5 ||   429
 Fire: Triple crossbow   |       |       |       |       |       |       |   135 |   165 |   880 ||  1180
 Cast: Frozen Ramparts   |       |       |       |       |     1 |     1 |    10 |     5 |     2 ||    19
       Olgreb's Toxic Ra |       |       |       |       |       |     1 |     1 |       |       ||     2
       Mephitic Cloud    |       |       |       |       |       |       |     1 |       |       ||     1
       Blink             |       |       |       |       |       |       |       |       |     1 ||     1
 Abil: Spit Poison       |       |    20 |     9 |    19 |     6 |     2 |     4 |       |       ||    60
       Breathe Poison Ga |       |       |     2 |       |       |       |       |       |       ||     2
Evoke: Wand              |       |       |     3 |     2 |    15 |     1 |     1 |       |    12 ||    34
       Piece from Xom's  |       |       |       |       |       |       |       |       |     4 ||     4
       Condenser vane    |       |       |       |       |       |       |       |       |     2 ||     2
  Use: Scroll            |       |    12 |     3 |    16 |    14 |     4 |    21 |    14 |    20 ||   104
       Potion            |       |       |     1 |       |     7 |     2 |     7 |    13 |    29 ||    59
 Stab: Sleeping          |     1 |       |       |     1 |     7 |     3 |     2 |     5 |     6 ||    25
       Petrifying        |       |     1 |       |       |       |       |       |     1 |       ||     2
       Distracted        |       |     1 |     1 |     1 |       |     1 |     3 |     4 |     3 ||    14
       Invisible         |       |       |       |     2 |     1 |       |     1 |     3 |     9 ||    16
       Paralysed         |       |       |       |     2 |       |       |     2 |       |       ||     4
       Confused          |       |       |       |     1 |     3 |     3 |     6 |     4 |    11 ||    28
       Petrified         |       |       |       |       |       |     2 |       |       |       ||     2
       Held in net/web   |       |       |       |       |       |       |     3 |       |       ||     3
Armor: Leather armour    |    27 |    80 |   230 |   272 |       |       |       |       |       ||   609
       Steam dragon scal |       |       |       |    74 |   389 |    23 |       |       |       ||   486
       Acid dragon scale |       |       |       |       |       |   726 |  1250 |   924 |  1549 ||  4449
Dodge: Dodged            |    24 |    78 |   216 |   443 |   428 |   648 |  1079 |   696 |  1959 ||  5571
Block: Other             |       |       |    12 |   131 |   129 |   197 |   135 |   158 |   291 ||  1053

Table legend: (Time is in decaauts)
 A = Elapsed time spent in this place.
 B = Non-inter-level travel time spent in this place.
 C = Inter-level travel time spent in this place.
 D = Time resting spent in this place.
 E = Time spent auto-exploring this place.
 F = Levels seen in this place.
 G = Mean time per level.
                   A        B        C        D        E       F      G
               +--------+--------+--------+--------+--------+-----+--------+
         Total |  96434 |  90212 |   6222 |  19090 |  48740 |  50 | 1928.7 |
       Dungeon |  26676 |  24186 |   2490 |   4508 |  15251 |  15 | 1778.4 |
          Lair |  13362 |  12438 |    924 |   2127 |   7985 |   6 | 2227.0 |
         Swamp |   7620 |   7242 |    378 |   1900 |   4150 |   4 | 1905.0 |
   Spider Nest |   6705 |   6401 |    304 |    724 |   3873 |   4 | 1676.2 |
  Orcish Mines |   3784 |   3707 |     77 |   1356 |   1723 |   2 | 1892.0 |
        Vaults |  16177 |  15456 |    721 |   4162 |   7061 |   5 | 3235.4 |
        Depths |  11390 |  10528 |    862 |   1325 |   6029 |   5 | 2278.0 |
          Hell |      1 |      1 |      0 |      0 |      0 |   1 |    1.0 |
           Zot |   8163 |   7701 |    462 |   2066 |   1742 |   5 | 1632.6 |
        Bazaar |    143 |    143 |      0 |     91 |     38 |   1 |  143.0 |
         Sewer |    574 |    574 |      0 |    110 |    245 |   1 |  574.0 |
        Wizlab |   1833 |   1833 |      0 |    717 |    638 |   1 | 1833.0 |
               +--------+--------+--------+--------+--------+-----+--------+

Top non-repeatable levels by time:
Vaults:2: 3762 daAuts
Vaults:1: 3614 daAuts
     D:7: 3290 daAuts
  Lair:2: 3264 daAuts
Vaults:3: 3146 daAuts
Depths:1: 2893 daAuts
Vaults:4: 2870 daAuts
   Zot:5: 2815 daAuts
Vaults:5: 2783 daAuts
     D:8: 2768 daAuts
   Orc:2: 2703 daAuts
  Lair:6: 2681 daAuts
Spider:4: 2669 daAuts
Depths:4: 2525 daAuts
     D:9: 2476 daAuts
